Workbook

Sheet 2025 Impact on Operating
A1: Building & Ground | B1: Savings (Expense) | C1: Source of Savings
A2: HVAC System | B2: 15000 | C2: Energy efficiency; reduced maintenance costs.
A3: Building & Zoning | B3: Savings (Expense) | C3: Source of Savings
A4: Vehicle | B4: 4500 | C4: Fuel efficiency; reduced maintenance costs
A5: Fire & Emergency Services | B5: Savings (Expense) | C5: Source of Savings
A6: Vehicle (Fire) | B6: 1000 | C6: Fuel efficiency; reduced maintenance costs.
A7: Information Technology | B7: Savings (Expense) | C7: Source of Savings
A8: Conference Room Technology | B8: 1600 | C8: Staff efficiency of 40 hours per year.
A9: Parks & Recreation | B9: Savings (Expense) | C9: Source of Savings
A10: Vehicle | B10: -2500 | C10: Added fleet vehicle maintenance; offset by reduced mileage reimbursement.
A11: Tree Remediation | B11: 16000 | C11: Staff efficiency of 400 hours for reduced maintenance.
A12: Middletown Community Park | B12: -4200 | C12: Wireless internet service costs.
A13: Forsythia Crossing Park | B13: 4000 | C13: Reduced maintenance of 100 hours per year.
A14: Police | B14: Savings (Expense) | C14: Source of Savings
A15: Vehicles (Police) | B15: 7000 | C15: Fuel efficiency; reduced maintenance costs.
A16: License Plate Readers | B16: -16000 | C16: Annual maintenance contract cost.
A17: Body and In-Car Cameras | B17: -25000 | C17: Cost of additional part-time employee.
A18: Public Works | B18: Savings (Expense) | C18: Source of Savings
A19: Road Improvement | B19: 25000 | C19: Staff efficiency of 500 hours for less road maintenance; savings on road repair materials.
A20: Public Works Site Improvements | B20: =50*100 -> 5000 | C20: Staff efficiency of 100 hours; energy efficiency; utility reduction.
A21: Vehicles (DPW) | B21: 10500 | C21: Fuel efficiency; reduced maintenance costs.
A22: Heavy Equipment (DPW) | B22: 7000 | C22: Staff efficiency of 100 hours; fuel efficiency; reduced maintenance costs; additional piece of equipment (added maintenance).
A23: Light Equipment (DPW) | B23: 1000 | C23: Reduced contracted services.
A24: Shop Equipment | B24: 1000 | C24: Reduced contracted services.
A25: Streetlight Pole Replacement | B25: =-50*200 -> -10000 | C25: 200 hours of staff time to execute project.
A26: Stormwater | B26: Savings (Expense) | C26: Source of Savings
A27: Neighborhood Drainage Projects | B27: 10000 | C27: Estimated reduction in staff time for maintenance.
A28: Langhorne Gables Phase II | B28: 5000 | C28: Estimated reduction in staff time for maintenance.
A29: Sustainability | B29: Savings (Expense) | C29: Source of Savings
A30: Solar Panels | B30: 12500 | C30: Reduced energy consumption and revenue from solar renewable energy credits (SRECs).
A31: Transportation | B31: Savings (Expense) | C31: Source of Savings
A32: Langhorne-Yardley Road Maple Point Crossing | B32: -250 | C32: Increased energy utilization for new amenity.
A33: School Zone Improvements | B33: 1000 | C33: Reduced energy consumption.
A34: Maple Avenue/N. Flowers Mill Signal Improvements | B34: 5000 | C34: Reduced contracted services.
A35: TOTAL NET SAVINGS | B35: =SUM(B2:B34) -> 74150

Sheet 2023 ShowDoc Graphs
A1: Building & Grounds | C1: Priority | D1: PROJECT COST
A2: Public Hall Improvements | B2: Building Improvements | C2: 1 | D2: 30000 | F2: Building Improvements | G2: =D2+D3+D64+D4 -> 1944250
A3: Municipal Center Improvements | B3: Building Improvements | C3: 1 | D3: 150000 | F3: Equipment | G3: =D11+D12+D13+D17+D18+D19+D20+D33+D34+D35+D46+D47+D49+D50+D62+D73 -> 908700
A4: Langhorne Spring Site Improvements | B4: Building Improvements | C4: 1 | D4: 14250 | F4: Land Improvements | G4: =D24+D25+D26+D27+D29+D41+D42+D43+D44+D48+D51+D54+D55+D56+D58+D59+D63+D65+D68+D69+D71+D72+D74+D75 -> 8376000
A5: TOTAL | D5: =SUM(D2:D4) -> 194250 | F5: Professional Services | G5: =D23+D57+D70+D76+D77 -> 480000
A6: Building & Zoning | F6: Vehicles | G6: =D7+D10+D14+D28+D32+D45 -> 1825500
A7: Electric Vehicle | B7: Vehicles | C7: 1 | D7: 40000 | G7: =SUM(G2:G6) -> 13534450
A8: TOTAL | D8: =D7 -> 40000
A9: Fire & Emergency Services
A10: Fire Engine & Equipment | B10: Vehicles | C10: 1 | D10: 1000000
A11: Air Packs | B11: Equipment | C11: 1 | D11: 100000
A12: Turnout Gear | B12: Equipment | C12: 1 | D12: 45000
A13: Radio Equipment | B13: Equipment | C13: 1 | D13: 6700
A14: Vehicle Retrofit | B14: Vehicles | C14: 2 | D14: 7500
A15: TOTAL | D15: =SUM(D10:D14) -> 1159200
A16: Information Technology
A17: Desktop Computer Replacement | B17: Equipment | C17: 1 | D17: 30000
A18: Network Maintenance | B18: Equipment | C18: 1 | D18: 30000
A19: Patrol Mobile Data Terminals (MDTs) | B19: Equipment | C19: 1 | D19: 6000
A20: Conference Room Technology | B20: Equipment | C20: 1 | D20: 9000
A21: TOTAL | D21: =SUM(D17:D20) -> 75000
A22: Parks & Recreation
A23: Comprehensive Parks Plan | B23: Professional Services | C23: 1 | D23: 110000
A24: Firefighters' Park | B24: Land Improvements | C24: 1 | D24: 300000
A25: Tree Remediation | B25: Land Improvements | C25: 1 | D25: 30000
A26: Community Center | B26: Land Improvements | C26: 1 | D26: 11000
A27: Middletown Community Park | B27: Land Improvements | C27: 1 | D27: 35000
A28: Electric Vehicle | B28: Vehicles | C28: 2 | D28: 40000
A29: Forsythia Crossing Park | B29: Land Improvements | C29: 2 | D29: 1000000
A30: TOTAL | D30: =SUM(D23:D29) -> 1526000
A31: Police
A32: Vehicles & Equipment | B32: Vehicles | C32: 1 | D32: 285000
A33: Body Cameras | B33: Equipment | C33: 1 | D33: 300000
A34: Active Shooter Simulator | B34: Equipment | C34: 1 | D34: 50000
A35: Entry Tool Kits | B35: Equipment | C35: 1 | D35: 15000
A36: TOTAL | D36: =SUM(D32:D35) -> 650000
A38: 2023 CAPITAL IMPROVEMENT PROJECTS BY CATEGORY (CONT.)
A39: Category // Project | D39: TOTAL
A40: Public Works | C40: Priority | D40: PROJECT COST
A41: Road Improvement | B41: Land Improvements | C41: 1 | D41: 1000000
A42: Public Works Site Improvements | B42: Land Improvements | C42: 1 | D42: 1000000
A43: Street Signs | B43: Land Improvements | C43: 1 | D43: 25000
A44: Intersection Improvements | B44: Land Improvements | C44: 1 | D44: 45000
A45: Vehicles | B45: Vehicles | C45: 1 | D45: 453000
A46: Shop Equipment | B46: Equipment | C46: 1 | D46: 36500
A47: Roadway Plates | B47: Equipment | C47: 1 | D47: 12500
A48: Guiderail Work | B48: Land Improvements | C48: 1 | D48: 60000
A49: Heavy Equipment | B49: Equipment | C49: 2 | D49: 45000
A50: Light Equipment | B50: Equipment | C50: 2 | D50: 33000
A51: Levittown Footbridges | B51: Land Improvements | C51: 2 | D51: 120000
A52: TOTAL | D52: =SUM(D41:D51) -> 2830000
A53: Storm Sewer & Drains
A54: Langhorne Gables Phase II | B54: Land Improvements | C54: 1 | D54: 1200000
A55: Emergency Drainage Projects | B55: Land Improvements | C55: 1 | D55: 250000
A56: Inlet Tops & Collars | B56: Land Improvements | C56: 1 | D56: 90000
A57: MS4 Program | B57: Professional Services | C57: 1 | D57: 50000
A58: Neighborhood Drainage Projects | B58: Land Improvements | C58: 1 | D58: 350000
A59: Neighborhood Drainage Projects | B59: Land Improvements | C59: 2 | D59: 370000
A60: TOTAL | D60: =SUM(D54:D59) -> 2310000
A61: Sustainability
A62: Residential Recycling Containers | B62: Equipment | C62: 1 | D62: 150000
A63: EV Charging Stations | B63: Land Improvements | C63: 1 | D63: 430000
A64: Municipal Building Roof & Solar Panels | B64: Building Improvements | C64: 2 | D64: 1750000
A65: Recycling Containers at Parks | B65: Land Improvements | C65: 2 | D65: 50000
A66: TOTAL | D66: =SUM(D62:D65) -> 2380000
A67: Transportation
A68: ADA Curb Ramp Program | B68: Land Improvements | C68: 1 | D68: 400000
A69: Swift Road and Woodbourne Road | B69: Land Improvements | C69: 1 | D69: 950000
A70: Langhorne Yardley Road TIP | B70: Professional Services | C70: 1 | D70: 240000
A71: Langhorne-Yardley/Maple Point Crossing | B71: Land Improvements | C71: 1 | D71: 400000
A72: Turn Lane Addition | B72: Land Improvements | C72: 1 | D72: 40000
A73: Traffic Signal Preemption Replacement | B73: Equipment | C73: 1 | D73: 40000
A74: Traffic Signal Mast Arm Replacement | B74: Land Improvements | C74: 1 | D74: 100000
A75: School Zone Improvements | B75: Land Improvements | C75: 2 | D75: 120000
A76: Low Clearance Bridge Solution | B76: Professional Services | C76: 2 | D76: 30000
A77: Woodbourne Walkability Improvements | B77: Professional Services | C77: 2 | D77: 50000
A78: TOTAL | D78: =SUM(D68:D77) -> 2370000
D79: TOTAL
D80: PROJECT COST
A81: TOTAL COSTS | D81: =D5+D8+D15+D21+D30+D36+D52+D60+D66+D78 -> 13534450
A87: Building & Grounds | B87: 194250 | C87: =B87/$B$97 -> 0.014352264
A88: Building & Zoning | B88: 40000 | C88: =B88/$B$97 -> 0.0029554212
A89: Fire & Emergency Services | B89: 1159200 | C89: =B89/$B$97 -> 0.085648105
A90: Information Technology | B90: 75000 | C90: =B90/$B$97 -> 0.0055414147
A91: Parks & Recreation | B91: 1526000 | C91: =B91/$B$97 -> 0.11274932
A92: Police | B92: 650000 | C92: =B92/$B$97 -> 0.048025594
A93: Public Works | B93: 2830000 | C93: =B93/$B$97 -> 0.20909605
A94: Storm Sewer & Drains | B94: 2310000 | C94: =B94/$B$97 -> 0.17067557
A95: Sustainability | B95: 2380000 | C95: =B95/$B$97 -> 0.17584756
A96: Transportation | B96: 2370000 | C96: =B96/$B$97 -> 0.1751087
B97: =SUM(B87:B96) -> 13534450 | C97: 1

Sheet P1
A1: 2024 CAPITAL IMPROVEMENT PROJECTS BY CATEGORY - PRIORITY 1
A2: Category // Project | C2: TOTAL | D2: Earned | E2: RDA | F2: Potential | G2: Due From | H2: Capital Fund
C3: PROJECT | D3: Grant | E3: Grant | F3: Grant | G3: Other | H3: Fund
A4: Fire & Emergency Services | B4: Priority | C4: COST | D4: Funding | E4: Requests | F4: Funding | G4: Funds | H4: Cost
A5: Fire Command Vehicle | B5: 1 | C5: 75000 | D5: 0 | E5: 71923 | F5: 0 | G5: 0 | H5: =C5-(D5+F5+E5+G5) -> 3077
A6: New Hire Turnout Gear | B6: 1 | C6: 20000 | D6: 0 | E6: 0 | F6: 0 | G6: 0 | H6: =C6-(D6+F6+E6+G6) -> 20000
A7: TOTAL | C7: =SUM(C5:C6) -> 95000 | D7: =SUM(D5:D6) -> 0 | E7: =SUM(E5:E6) -> 71923 | F7: =SUM(F5:F6) -> 0 | G7: =SUM(G5:G6) -> 0 | H7: =SUM(H5:H6) -> 23077
A8: Information Technology
A9: Desktop Computer Replacement | B9: 1 | C9: 28000 | D9: 0 | E9: 0 | F9: 0 | G9: 0 | H9: =C9-(D9+F9+E9+G9) -> 28000
A10: Patrol Mobile Data Terminals (MDTs) | B10: 1 | C10: 5000 | D10: 0 | E10: 0 | F10: 0 | G10: 0 | H10: =C10-(D10+F10+E10+G10) -> 5000
A11: Broadcast System Upgrades | B11: 1 | C11: 20000 | D11: 0 | E11: 0 | F11: 0 | G11: 0 | H11: =C11-(D11+F11+E11+G11) -> 20000
A12: TOTAL | C12: =SUM(C9:C11) -> 53000 | D12: =SUM(D9:D11) -> 0 | E12: =SUM(E9:E11) -> 0 | F12: =SUM(F9:F11) -> 0 | G12: =SUM(G9:G11) -> 0 | H12: =SUM(H9:H11) -> 53000
A13: Parks & Recreation
A14: Comprehensive Parks Plan | B14: 1 | C14: 110000 | D14: 55000 | E14: 0 | F14: 0 | G14: 0 | H14: =C14-(D14+F14+E14+G14) -> 55000
A15: Vehicle | B15: 1 | C15: 45000 | D15: 0 | E15: 0 | F15: 0 | G15: 0 | H15: =C15-(D15+F15+E15+G15) -> 45000
A16: Tree Remediation | B16: 1 | C16: 30000 | D16: 0 | E16: 0 | F16: 0 | G16: 0 | H16: =C16-(D16+F16+E16+G16) -> 30000
A17: Middletown Community Park | B17: 1 | C17: 245000 | D17: 0 | E17: 0 | F17: 0 | G17: 0 | H17: =C17-(D17+F17+E17+G17) -> 245000
A18: Concession Stand Safety Project | B18: 1 | C18: 15000 | D18: 0 | E18: 0 | F18: 0 | G18: 0 | H18: =C18-(D18+F18+E18+G18) -> 15000
A19: Forsythia Crossing Park | B19: 1 | C19: 500000 | D19: 500000 | E19: 0 | F19: 0 | G19: 0 | H19: =C19-(D19+F19+E19+G19) -> 0
A20: TOTAL | C20: =SUM(C14:C19) -> 945000 | D20: =SUM(D14:D19) -> 555000 | E20: =SUM(E14:E19) -> 0 | F20: =SUM(F14:F19) -> 0 | G20: =SUM(G14:G19) -> 0 | H20: =SUM(H14:H19) -> 390000
A21: Police
A22: Vehicles & Equipment | B22: 1 | C22: 325000 | D22: 0 | E22: =153950+67841 -> 221791 | F22: 0 | G22: 0 | H22: =C22-(D22+F22+E22+G22) -> 103209
A23: License Plate Readers | B23: 1 | C23: 16000 | D23: 0 | E23: 16000 | F23: 0 | G23: 0 | H23: =C23-(D23+F23+E23+G23) -> 0
A24: Body & In-Car Cameras | B24: 1 | C24: 105000 | D24: 52500 | E24: 0 | F24: 0 | G24: 0 | H24: =C24-(D24+F24+E24+G24) -> 52500
A25: Duty Pistol Upgrade | B25: 1 | C25: 62000 | D25: 0 | E25: 0 | F25: 0 | G25: 0 | H25: =C25-(D25+F25+E25+G25) -> 62000
A26: TOTAL | C26: =SUM(C22:C25) -> 508000 | D26: =SUM(D22:D25) -> 52500 | E26: =SUM(E22:E25) -> 237791 | F26: =SUM(F22:F25) -> 0 | G26: =SUM(G22:G25) -> 0 | H26: =SUM(H22:H25) -> 217709
A27: Public Works
A28: Road Improvement | B28: 1 | C28: 900000 | D28: 0 | E28: 0 | F28: 0 | G28: 900000 | H28: =C28-(D28+F28+E28+G28) -> 0
A29: Public Works Site Improvements | B29: 1 | C29: 2680000 | D29: 0 | E29: 0 | F29: 0 | G29: 0 | H29: =C29-(D29+F29+E29+G29) -> 2680000
A30: Vehicles | B30: 1 | C30: 515000 | D30: 0 | E30: =253797+130661+93446 -> 477904 | F30: 0 | G30: =20000+(C30-E30-20000) -> 37096 | H30: =C30-(D30+F30+E30+G30) -> 0
A31: Heavy Equipment (Tractor) | B31: 1 | C31: 143000 | D31: 0 | E31: 0 | F31: 0 | G31: 143000 | H31: =C31-(D31+F31+E31+G31) -> 0
A32: Light Equipment (Zero Turn Mower) | B32: 1 | C32: 17500 | G32: 17500 | H32: =C32-(D32+F32+E32+G32) -> 0
A33: Shop Equipment | B33: 1 | C33: 7500 | D33: 0 | E33: 0 | F33: 0 | G33: 0 | H33: =C33-(D33+F33+E33+G33) -> 7500
A34: Streetlight Pole Replacement | B34: 1 | C34: 30000 | D34: 0 | E34: 0 | F34: 0 | G34: 30000 | H34: =C34-(D34+F34+E34+G34) -> 0
A35: Intersection Improvements | B35: 1 | C35: 35000 | D35: 0 | E35: 0 | F35: 0 | G35: 35000 | H35: =C35-(D35+F35+E35+G35) -> 0
A36: Street Signs | B36: 1 | C36: 20000 | D36: 0 | E36: 0 | F36: 0 | G36: 0 | H36: =C36-(D36+F36+E36+G36) -> 20000
A37: TOTAL | C37: =SUM(C28:C36) -> 4348000 | D37: =SUM(D28:D36) -> 0 | E37: =SUM(E28:E36) -> 477904 | F37: =SUM(F28:F36) -> 0 | G37: =SUM(G28:G36) -> 1162596 | H37: =SUM(H28:H36) -> 2707500
A38: Storm Sewer & Drains
A39: Emergency Drainage Projects | B39: 1 | C39: 250000 | D39: 0 | E39: 0 | F39: 0 | G39: 0 | H39: =C39-(D39+F39+E39+G39) -> 250000
A40: Inlet Tops & Collars | B40: 1 | C40: 30000 | D40: 0 | E40: 0 | F40: 0 | G40: 0 | H40: =C40-(D40+F40+E40+G40) -> 30000
A41: Reetz Avenue Culvert Replacement | B41: 1 | C41: 420000 | D41: 0 | E41: 0 | F41: 0 | G41: 0 | H41: =C41-(D41+F41+E41+G41) -> 420000
A42: Hillside Avenue | B42: 1 | C42: 310000 | D42: 0 | E42: 0 | F42: 233091 | G42: 0 | H42: =C42-(D42+F42+E42+G42) -> 76909
A43: MS4 Program | B43: 1 | C43: 30000 | D43: 0 | E43: 0 | F43: 0 | G43: 0 | H43: =C43-(D43+F43+E43+G43) -> 30000
A44: TOTAL | C44: =SUM(C39:C43) -> 1040000 | D44: =SUM(D39:D43) -> 0 | E44: =SUM(E39:E43) -> 0 | F44: =SUM(F39:F43) -> 233091 | G44: =SUM(G39:G43) -> 0 | H44: =SUM(H39:H43) -> 806909
A45: Sustainability
A46: Solar Panels | B46: 1 | C46: 120000 | D46: 76530 | E46: 0 | F46: 10000 | G46: 0 | H46: =C46-(D46+F46+E46+G46) -> 33470
A47: TOTAL | C47: =SUM(C46:C46) -> 120000 | D47: =SUM(D46:D46) -> 76530 | E47: =SUM(E46:E46) -> 0 | F47: =SUM(F46:F46) -> 10000 | G47: =SUM(G46:G46) -> 0 | H47: =SUM(H46:H46) -> 33470
A48: Transportation
A49: Langhorne Yardley Road TIP | B49: 1 | C49: 100000 | D49: 0 | E49: 0 | F49: 0 | G49: 0 | H49: =C49-(D49+F49+E49+G49) -> 100000
A50: Langhorne-Yardley/Maple Point Crossing | B50: 1 | C50: 250000 | D50: 0 | E50: 0 | F50: 168644 | G50: 0 | H50: =C50-(D50+F50+E50+G50) -> 81356
A51: School Zone Improvements | B51: 1 | C51: 450000 | D51: 300000 | E51: 0 | F51: 0 | G51: 0 | H51: =C51-(D51+F51+E51+G51) -> 150000
A52: Maple Ave/N. Flowers Mill Signal Imprvmt | B52: 1 | C52: 175000 | D52: 138888 | E52: 0 | F52: 0 | G52: 0 | H52: =C52-(D52+F52+E52+G52) -> 36112
A53: TOTAL | C53: =SUM(C49:C52) -> 975000 | D53: =SUM(D49:D52) -> 438888 | E53: =SUM(E49:E52) -> 0 | F53: =SUM(F49:F52) -> 168644 | G53: =SUM(G49:G52) -> 0 | H53: =SUM(H49:H52) -> 367468
A54: TOTAL COSTS | C54: =C7+C12+C20+C26+C37+C44+C47+C53 -> 8084000 | D54: =D7+D12+D20+D26+D37+D44+D47+D53 -> 1122918 | E54: =E7+E12+E20+E26+E37+E44+E47+E53 -> 787618 | F54: =F7+F12+F20+F26+F37+F44+F47+F53 -> 411735 | G54: =G7+G12+G20+G26+G37+G44+G47+G53 -> 1162596 | H54: =H7+H12+H20+H26+H37+H44+H47+H53 -> 4599133
C58: Priority 1 Total | I58: Priority 2 Total
A59: Administration | C59: 40000 | I59: 0
A60: Building and Grounds | I60: =SUMIF(#REF!,2,#REF!) -> #REF!
A61: Building and Zoning | I61: =SUMIF(#REF!,2,#REF!) -> #REF!
A62: Fire/Emergency Services | C62: =SUMIF(B5:B6,1,C5:C6) -> 95000 | I62: =SUMIF(B5:B6,2,C5:C6) -> 0
A63: Information Technology | C63: =SUMIF(B9:B11,1,C9:C11) -> 53000 | I63: =SUMIF(B9:B11,2,C9:C11) -> 0
A64: Parks & Recreation | C64: =SUMIF(B14:B19,1,C14:C19) -> 945000 | I64: =SUMIF(B14:B19,2,C14:C19) -> 0
A65: Police | C65: =SUMIF(B22:B25,1,C22:C25) -> 508000 | I65: =SUMIF(B22:B25,2,C22:C25) -> 0
A66: Public Works | C66: =SUMIF(B28:B36,1,C28:C36) -> 4348000 | I66: =SUMIF(B28:B36,2,C28:C36) -> 0
A67: Stormwater | C67: =SUMIF(B39:B43,1,C39:C43) -> 1040000 | I67: =SUMIF(B39:B43,2,C39:C43) -> 0
A68: Sustainability | C68: =SUMIF(B46:B46,1,C46:C46) -> 120000 | I68: =SUMIF(B46:B46,2,C46:C46) -> 0
A69: Transportation | C69: =SUMIF(B49:B52,1,C49:C52) -> 975000 | I69: =SUMIF(B49:B52,2,C49:C52) -> 0

Sheet P2
A1: 2024 CAPITAL IMPROVEMENT PROJECTS BY CATEGORY - PRIORITY 2
A2: Category // Project | C2: TOTAL | D2: Earned | E2: RDA Grant | F2: Potential | G2: Due From | H2: Capital Fund
A3: Building & Grounds | B3: Priority | C3: PROJECT COST | D3: Grant Funding | E3: Requests | F3: Grant Funding | G3: Other Funds | H3: Cost
A4: HVAC System | B4: 2 | C4: 550000 | D4: 0 | E4: 0 | F4: 0 | G4: 0 | H4: =C4-(D4+F4+E4+G4) -> 550000
A5: Public Hall Improvements | B5: 2 | C5: 35000 | D5: 0 | E5: 0 | F5: 0 | G5: 0 | H5: =C5-(D5+F5+E5+G5) -> 35000
A6: TOTAL | C6: =SUM(C4:C5) -> 585000 | D6: =SUM(D4:D5) -> 0 | E6: =SUM(E4:E5) -> 0 | F6: =SUM(F4:F5) -> 0 | G6: =SUM(G4:G5) -> 0 | H6: =SUM(H4:H5) -> 585000
A7: Building & Zoning
A8: Electric Vehicle | B8: 2 | C8: 35000 | D8: 7500 | E8: 0 | F8: 0 | G8: 0 | H8: =C8-(D8+F8+E8+G8) -> 27500
A9: TOTAL | C9: =C8 -> 35000 | D9: =D8 -> 7500 | E9: =E8 -> 0 | F9: =F8 -> 0 | G9: =G8 -> 0 | H9: =H8 -> 27500
A10: Fire & Emergency Services
A11: Fire Prevention | B11: 2 | C11: 17000 | D11: 0 | E11: 0 | F11: 17000 | G11: 0 | H11: =C11-(D11+F11+E11+G11) -> 0
A12: TOTAL | C12: =SUM(C11:C11) -> 17000 | D12: =SUM(D11:D11) -> 0 | E12: =SUM(E11:E11) -> 0 | F12: =SUM(F11:F11) -> 17000 | G12: =SUM(G11:G11) -> 0 | H12: =SUM(H11:H11) -> 0
A13: Information Technology
A14: Conference Room Technology | B14: 2 | C14: 20000 | D14: 0 | E14: 0 | F14: 0 | G14: 0 | H14: =C14-(D14+F14+E14+G14) -> 20000
A15: TOTAL | C15: =SUM(C14:C14) -> 20000 | D15: =SUM(D14:D14) -> 0 | E15: =SUM(E14:E14) -> 0 | F15: =SUM(F14:F14) -> 0 | G15: =SUM(G14:G14) -> 0 | H15: =SUM(H14:H14) -> 20000
A16: Public Works
A17: Heavy Equipment (Forklift) | B17: 2 | C17: 35000 | D17: 0 | E17: 0 | F17: 0 | G17: 35000 | H17: =C17-(D17+F17+E17+G17) -> 0
A18: Light Equipment (Pressure Washer) | B18: 2 | C18: 8500 | D18: 0 | E18: 0 | F18: 0 | G18: 0 | H18: =C18-(D18+F18+E18+G18) -> 8500
A19: Road Condition Assessment Tool | B19: 2 | C19: 30000 | D19: 0 | E19: 0 | F19: 0 | G19: 0 | H19: =C19-(D19+F19+E19+G19) -> 30000
A20: Guiderail Work | B20: 2 | C20: 45000 | D20: 0 | E20: 0 | F20: 0 | G20: 0 | H20: =C20-(D20+F20+E20+G20) -> 45000
A21: Levittown Footbridges | B21: 2 | C21: 30000 | D21: 0 | E21: 0 | F21: 0 | G21: 0 | H21: =C21-(D21+F21+E21+G21) -> 30000
A22: TOTAL | C22: =SUM(C17:C21) -> 148500 | D22: =SUM(D17:D21) -> 0 | E22: =SUM(E17:E21) -> 0 | F22: =SUM(F17:F21) -> 0 | G22: =SUM(G17:G21) -> 35000 | H22: =SUM(H17:H21) -> 113500
A23: Storm Sewer & Drains
A24: Richardson Avenue | B24: 2 | C24: 275000 | D24: 0 | E24: 0 | F24: 0 | G24: 0 | H24: =C24-(D24+F24+E24+G24) -> 275000
A25: Playwicki Street Culvert Replacement | B25: 2 | C25: 95000 | D25: 0 | E25: 0 | F25: 0 | G25: 0 | H25: =C25-(D25+F25+E25+G25) -> 95000
A26: Langhorne Gables Phase II | B26: 2 | C26: 2010000 | D26: 0 | E26: 0 | F26: 1000000 | G26: 0 | H26: =C26-(D26+F26+E26+G26) -> 1010000
A27: TOTAL | C27: =SUM(C24:C26) -> 2380000 | D27: =SUM(D24:D26) -> 0 | E27: =SUM(E24:E26) -> 0 | F27: =SUM(F24:F26) -> 1000000 | G27: =SUM(G24:G26) -> 0 | H27: =SUM(H24:H26) -> 1380000
A28: Sustainability
A29: Recycling Containers at Parks | B29: 2 | C29: 50000 | D29: 0 | E29: 0 | F29: 0 | G29: 0 | H29: =C29-(D29+F29+E29+G29) -> 50000
A30: TOTAL | C30: =SUM(C29:C29) -> 50000 | D30: =SUM(D29:D29) -> 0 | E30: =SUM(E29:E29) -> 0 | F30: =SUM(F29:F29) -> 0 | G30: =SUM(G29:G29) -> 0 | H30: =SUM(H29:H29) -> 50000
A31: Transportation
A32: Turn Lane Addition | B32: 2 | C32: 50000 | D32: 0 | E32: 0 | F32: 0 | G32: 0 | H32: =C32-(D32+F32+E32+G32) -> 50000
A33: Traffic Signal Preemption Replacement | B33: 2 | C33: 40000 | D33: 0 | E33: 0 | F33: 0 | G33: 0 | H33: =C33-(D33+F33+E33+G33) -> 40000
A34: Traffic Signal Mast Arm Replacement | B34: 2 | C34: 70000 | D34: 0 | E34: 0 | F34: 0 | G34: 0 | H34: =C34-(D34+F34+E34+G34) -> 70000
A35: Multimodal Plan Implementation | B35: 2 | C35: 150000 | D35: 0 | E35: 0 | F35: 0 | G35: 0 | H35: =C35-(D35+F35+E35+G35) -> 150000
A36: Pedestrian Signal Equipment Upgrades | B36: 2 | C36: 265000 | D36: 0 | E36: 0 | F36: 229008 | G36: 0 | H36: =C36-(D36+F36+E36+G36) -> 35992
A37: TOTAL | C37: =SUM(C32:C36) -> 575000 | D37: =SUM(D32:D36) -> 0 | E37: =SUM(E32:E36) -> 0 | F37: =SUM(F32:F36) -> 229008 | G37: =SUM(G32:G36) -> 0 | H37: =SUM(H32:H36) -> 345992
A38: TOTAL COSTS | C38: =C6+C9+C12+C15+C22+C27+C30+C37 -> 3810500 | D38: =D6+D9+D12+D15+D22+D27+D30+D37 -> 7500 | E38: =E6+E9+E12+E15+E22+E27+E30+E37 -> 0 | F38: =F6+F9+F12+F15+F22+F27+F30+F37 -> 1246008 | G38: =G6+G9+G12+G15+G22+G27+G30+G37 -> 35000 | H38: =H6+H9+H12+H15+H22+H27+H30+H37 -> 2521992
C69: Priority 1 Total | I69: Priority 2 Total
A70: Administration | C70: 40000 | I70: 0
A71: Building and Grounds | C71: =SUMIF(B4:B5,1,C4:C5) -> 0 | I71: =SUMIF(B4:B5,2,C4:C5) -> 585000
A72: Building and Zoning | C72: =SUMIF(B8,1,C8) -> 0 | I72: =SUMIF(B8,2,C8) -> 35000
A73: Fire/Emergency Services | C73: =SUMIF(B11:B11,1,C11:C11) -> 0 | I73: =SUMIF(B11:B11,2,C11:C11) -> 17000
A74: Information Technology | C74: =SUMIF(B14:B14,1,C14:C14) -> 0 | I74: =SUMIF(B14:B14,2,C14:C14) -> 20000
A75: Parks & Recreation | C75: =SUMIF(#REF!,1,#REF!) -> #REF!
A76: Police | C76: =SUMIF(#REF!,1,#REF!) -> #REF!
A77: Public Works | C77: =SUMIF(B17:B21,1,C17:C21) -> 0 | I77: =SUMIF(B17:B21,2,C17:C21) -> 148500
A78: Stormwater | C78: =SUMIF(B24:B26,1,C24:C26) -> 0 | I78: =SUMIF(B24:B26,2,C24:C26) -> 2380000
A79: Sustainability | C79: =SUMIF(B29:B29,1,C29:C29) -> 0 | I79: =SUMIF(B29:B29,2,C29:C29) -> 50000
A80: Transportation | C80: =SUMIF(B32:B36,1,C32:C36) -> 0 | I80: =SUMIF(B32:B36,2,C32:C36) -> 575000

Sheet ShowDoc 2024
A1: 2024 CAPITAL IMPROVEMENT PROJECTS BY CATEGORY
A2: Category // Project | C2: TOTAL | D2: Earned | E2: RDA Grant | F2: Potential | G2: Due From | H2: Capital Fund
A3: Building & Grounds | B3: Priority | C3: PROJECT COST | D3: Grant Funding | E3: Requests | F3: Grant Funding | G3: Other Funds | H3: Cost
A4: HVAC System | B4: 2 | C4: 550000 | D4: 0 | E4: 0 | F4: 0 | G4: 0 | H4: =C4-(D4+F4+E4+G4) -> 550000
A5: Public Hall Improvements | B5: 2 | C5: 35000 | D5: 0 | E5: 0 | F5: 0 | G5: 0 | H5: =C5-(D5+F5+E5+G5) -> 35000
A6: TOTAL | C6: =SUM(C4:C5) -> 585000 | D6: =SUM(D4:D5) -> 0 | E6: =SUM(E4:E5) -> 0 | F6: =SUM(F4:F5) -> 0 | G6: =SUM(G4:G5) -> 0 | H6: =SUM(H4:H5) -> 585000
A7: Building & Zoning
A8: Electric Vehicle | B8: 2 | C8: 35000 | D8: 7500 | E8: 0 | F8: 0 | G8: 0 | H8: =C8-(D8+F8+E8+G8) -> 27500
A9: TOTAL | C9: =C8 -> 35000 | D9: =D8 -> 7500 | E9: =E8 -> 0 | F9: =F8 -> 0 | G9: =G8 -> 0 | H9: =H8 -> 27500
A10: Fire & Emergency Services
A11: Fire Command Vehicle | B11: 1 | C11: 75000 | D11: 0 | E11: 75000 | F11: 0 | G11: 0 | H11: =C11-(D11+F11+E11+G11) -> 0
A12: New Hire Turnout Gear | B12: 1 | C12: 20000 | D12: 0 | E12: 0 | F12: 0 | G12: 0 | H12: =C12-(D12+F12+E12+G12) -> 20000
A13: Fire Prevention | B13: 2 | C13: 17000 | D13: 0 | E13: 0 | F13: 17000 | G13: 0 | H13: =C13-(D13+F13+E13+G13) -> 0
A14: TOTAL | C14: =SUM(C11:C13) -> 112000 | D14: =SUM(D11:D13) -> 0 | E14: =SUM(E11:E13) -> 75000 | F14: =SUM(F11:F13) -> 17000 | G14: =SUM(G11:G13) -> 0 | H14: =SUM(H11:H13) -> 20000
A15: Information Technology
A16: Desktop Computer Replacement | B16: 1 | C16: 28000 | D16: 0 | E16: 0 | F16: 0 | G16: 0 | H16: =C16-(D16+F16+E16+G16) -> 28000
A17: Patrol Mobile Data Terminals (MDTs) | B17: 1 | C17: 5000 | D17: 0 | E17: 0 | F17: 0 | G17: 0 | H17: =C17-(D17+F17+E17+G17) -> 5000
A18: Broadcast System Upgrades | B18: 1 | C18: 20000 | D18: 0 | E18: 0 | F18: 0 | G18: 0 | H18: =C18-(D18+F18+E18+G18) -> 20000
A19: Conference Room Technology | B19: 2 | C19: 20000 | D19: 0 | E19: 0 | F19: 0 | G19: 0 | H19: =C19-(D19+F19+E19+G19) -> 20000
A20: TOTAL | C20: =SUM(C16:C19) -> 73000 | D20: =SUM(D16:D19) -> 0 | E20: =SUM(E16:E19) -> 0 | F20: =SUM(F16:F19) -> 0 | G20: =SUM(G16:G19) -> 0 | H20: =SUM(H16:H19) -> 73000
A21: Parks & Recreation
A22: Comprehensive Parks Plan | B22: 1 | C22: 110000 | D22: 55000 | E22: 0 | F22: 0 | G22: 0 | H22: =C22-(D22+F22+E22+G22) -> 55000
A23: Vehicle | B23: 1 | C23: 45000 | D23: 0 | E23: 0 | F23: 0 | G23: 0 | H23: =C23-(D23+F23+E23+G23) -> 45000
A24: Tree Remediation | B24: 1 | C24: 30000 | D24: 0 | E24: 0 | F24: 0 | G24: 0 | H24: =C24-(D24+F24+E24+G24) -> 30000
A25: Middletown Community Park | B25: 1 | C25: 245000 | D25: 0 | E25: 0 | F25: 0 | G25: 0 | H25: =C25-(D25+F25+E25+G25) -> 245000
A26: Concession Stand Safety Project | B26: 1 | C26: 15000 | D26: 0 | E26: 0 | F26: 0 | G26: 0 | H26: =C26-(D26+F26+E26+G26) -> 15000
A27: Forsythia Crossing Park | B27: 1 | C27: 500000 | D27: 0 | E27: 0 | F27: =C27 -> 500000 | G27: 0 | H27: =C27-(D27+F27+E27+G27) -> 0
A28: TOTAL | C28: =SUM(C22:C27) -> 945000 | D28: =SUM(D22:D27) -> 55000 | E28: =SUM(E22:E27) -> 0 | F28: =SUM(F22:F27) -> 500000 | G28: =SUM(G22:G27) -> 0 | H28: =SUM(H22:H27) -> 390000
A29: Police
A30: Vehicles & Equipment | B30: 1 | C30: 325000 | D30: 0 | E30: 325000 | F30: 0 | G30: 0 | H30: =C30-(D30+F30+E30+G30) -> 0
A31: License Plate Readers | B31: 1 | C31: 16000 | D31: 0 | E31: 16000 | F31: 0 | G31: 0 | H31: =C31-(D31+F31+E31+G31) -> 0
A32: Body & In-Car Cameras | B32: 1 | C32: 105000 | D32: 52500 | E32: 0 | F32: 0 | G32: 0 | H32: =C32-(D32+F32+E32+G32) -> 52500
A33: Duty Pistol Upgrade | B33: 1 | C33: 62000 | D33: 0 | E33: 0 | F33: 0 | G33: 0 | H33: =C33-(D33+F33+E33+G33) -> 62000
A34: TOTAL | C34: =SUM(C30:C33) -> 508000 | D34: =SUM(D30:D33) -> 52500 | E34: =SUM(E30:E33) -> 341000 | F34: =SUM(F30:F33) -> 0 | G34: =SUM(G30:G33) -> 0 | H34: =SUM(H30:H33) -> 114500
A36: 2024 CAPITAL IMPROVEMENT PROJECTS BY CATEGORY (CONT.)
A37: Category // Project | C37: TOTAL | D37: Earned | E37: RDA Grant | F37: Potential | G37: Due From | H37: Capital Fund
A38: Public Works | B38: Priority | C38: PROJECT COST | D38: Grant Funding | E38: Requests | F38: Grant Funding | G38: Other Funds | H38: Cost
A39: Road Improvement Program | B39: 1 | C39: 900000 | D39: 0 | E39: 0 | F39: 0 | G39: 900000 | H39: =C39-(D39+F39+E39+G39) -> 0
A40: Public Works Site Improvements | B40: 1 | C40: 2680000 | D40: 0 | E40: 0 | F40: 0 | G40: 0 | H40: =C40-(D40+F40+E40+G40) -> 2680000
A41: Vehicles | B41: 1 | C41: 515000 | D41: 0 | E41: 495000 | F41: 0 | G41: 20000 | H41: =C41-(D41+F41+E41+G41) -> 0
A42: Heavy Equipment (Tractor) | B42: 1 | C42: 143000 | D42: 0 | E42: 0 | F42: 0 | G42: 143000 | H42: =C42-(D42+F42+E42+G42) -> 0
A43: Light Equipment (Zero Turn Mower) | B43: 1 | C43: 17500 | D43: 0 | E43: 0 | F43: 0 | G43: 17500 | H43: =C43-(D43+F43+E43+G43) -> 0
A44: Shop Equipment | B44: 1 | C44: 7500 | D44: 0 | E44: 0 | F44: 0 | G44: 0 | H44: =C44-(D44+F44+E44+G44) -> 7500
A45: Streetlight Pole Replacement | B45: 1 | C45: 30000 | D45: 0 | E45: 0 | F45: 0 | G45: 30000 | H45: =C45-(D45+F45+E45+G45) -> 0
A46: Intersection Improvements | B46: 1 | C46: 35000 | D46: 0 | E46: 0 | F46: 0 | G46: 35000 | H46: =C46-(D46+F46+E46+G46) -> 0
A47: Street Signs | B47: 1 | C47: 20000 | D47: 0 | E47: 0 | F47: 0 | G47: 0 | H47: =C47-(D47+F47+E47+G47) -> 20000
A48: Heavy Equipment (Forklift) | B48: 2 | C48: 35000 | D48: 0 | E48: 0 | F48: 0 | G48: 35000 | H48: =C48-(D48+F48+E48+G48) -> 0
A49: Light Equipment (Pressure Washer) | B49: 2 | C49: 8500 | D49: 0 | E49: 0 | F49: 0 | G49: 0 | H49: =C49-(D49+F49+E49+G49) -> 8500
A50: Road Condition Assessment Tool | B50: 2 | C50: 30000 | D50: 0 | E50: 0 | F50: 0 | G50: 0 | H50: =C50-(D50+F50+E50+G50) -> 30000
A51: Guiderail Work | B51: 2 | C51: 45000 | D51: 0 | E51: 0 | F51: 0 | G51: 0 | H51: =C51-(D51+F51+E51+G51) -> 45000
A52: Levittown Footbridges | B52: 2 | C52: 30000 | D52: 0 | E52: 0 | F52: 0 | G52: 0 | H52: =C52-(D52+F52+E52+G52) -> 30000
A53: TOTAL | C53: =SUM(C39:C52) -> 4496500 | D53: =SUM(D39:D52) -> 0 | E53: =SUM(E39:E52) -> 495000 | F53: =SUM(F39:F52) -> 0 | G53: =SUM(G39:G52) -> 1180500 | H53: =SUM(H39:H52) -> 2821000
A54: Storm Sewer & Drains
A55: Emergency Drainage Projects | B55: 1 | C55: 250000 | D55: 0 | E55: 0 | F55: 0 | G55: 0 | H55: =C55-(D55+F55+E55+G55) -> 250000
A56: Inlet Tops & Collars | B56: 1 | C56: 30000 | D56: 0 | E56: 0 | F56: 0 | G56: 0 | H56: =C56-(D56+F56+E56+G56) -> 30000
A57: Reetz Avenue Culvert Replacement | B57: 1 | C57: 420000 | D57: 0 | E57: 0 | F57: 0 | G57: 0 | H57: =C57-(D57+F57+E57+G57) -> 420000
A58: Hillside Avenue | B58: 1 | C58: 310000 | D58: 0 | E58: 0 | F58: 233091 | G58: 0 | H58: =C58-(D58+F58+E58+G58) -> 76909
A59: MS4 Program | B59: 1 | C59: 30000 | D59: 0 | E59: 0 | F59: 0 | G59: 0 | H59: =C59-(D59+F59+E59+G59) -> 30000
A60: Richardson Avenue | B60: 2 | C60: 275000 | D60: 0 | E60: 0 | F60: 0 | G60: 0 | H60: =C60-(D60+F60+E60+G60) -> 275000
A61: Playwicki Street Culvert Replacement | B61: 2 | C61: 95000 | D61: 0 | E61: 0 | F61: 0 | G61: 0 | H61: =C61-(D61+F61+E61+G61) -> 95000
A62: Langhorne Gables Phase II | B62: 2 | C62: 1200000 | D62: 0 | E62: 0 | F62: 600000 | G62: 0 | H62: =C62-(D62+F62+E62+G62) -> 600000
A63: TOTAL | C63: =SUM(C55:C62) -> 2610000 | D63: =SUM(D55:D62) -> 0 | E63: =SUM(E55:E62) -> 0 | F63: =SUM(F55:F62) -> 833091 | G63: =SUM(G55:G62) -> 0 | H63: =SUM(H55:H62) -> 1776909
A64: Sustainability
A65: Solar Panels | B65: 1 | C65: 120000 | D65: 76530 | E65: 0 | F65: 10000 | G65: 0 | H65: =C65-(D65+F65+E65+G65) -> 33470
A66: Recycling Containers at Parks | B66: 2 | C66: 50000 | D66: 0 | E66: 0 | F66: 0 | G66: 0 | H66: =C66-(D66+F66+E66+G66) -> 50000
A67: TOTAL | C67: =SUM(C65:C66) -> 170000 | D67: =SUM(D65:D66) -> 76530 | E67: =SUM(E65:E66) -> 0 | F67: =SUM(F65:F66) -> 10000 | G67: =SUM(G65:G66) -> 0 | H67: =SUM(H65:H66) -> 83470
A68: Transportation
A69: Langhorne Yardley Road TIP | B69: 1 | C69: 100000 | D69: 0 | E69: 0 | F69: 0 | G69: 0 | H69: =C69-(D69+F69+E69+G69) -> 100000
A70: Langhorne-Yardley/Maple Point Crossing | B70: 1 | C70: 250000 | D70: 0 | E70: 0 | F70: 168644 | G70: 0 | H70: =C70-(D70+F70+E70+G70) -> 81356
A71: School Zone Improvements | B71: 1 | C71: 450000 | D71: 300000 | E71: 0 | F71: 0 | G71: 0 | H71: =C71-(D71+F71+E71+G71) -> 150000
A72: Maple Ave/N. Flowers Mill Signal Imprvmt | B72: 1 | C72: 175000 | D72: 138888 | E72: 0 | F72: 0 | G72: 0 | H72: =C72-(D72+F72+E72+G72) -> 36112
A73: Turn Lane Addition | B73: 2 | C73: 50000 | D73: 0 | E73: 0 | F73: 0 | G73: 0 | H73: =C73-(D73+F73+E73+G73) -> 50000
A74: Traffic Signal Preemption Replacement | B74: 2 | C74: 40000 | D74: 0 | E74: 0 | F74: 0 | G74: 0 | H74: =C74-(D74+F74+E74+G74) -> 40000
A75: Traffic Signal Mast Arm Replacement | B75: 2 | C75: 70000 | D75: 0 | E75: 0 | F75: 0 | G75: 0 | H75: =C75-(D75+F75+E75+G75) -> 70000
A76: Multimodal Plan Implementation | B76: 2 | C76: 150000 | D76: 0 | E76: 0 | F76: 0 | G76: 0 | H76: =C76-(D76+F76+E76+G76) -> 150000
A77: Pedestrian Signal Equipment Upgrades | B77: 2 | C77: 265000 | D77: 0 | E77: 0 | F77: 229008 | G77: 0 | H77: =C77-(D77+F77+E77+G77) -> 35992
A78: TOTAL | C78: =SUM(C69:C77) -> 1550000 | D78: =SUM(D69:D77) -> 438888 | E78: =SUM(E69:E77) -> 0 | F78: =SUM(F69:F77) -> 397652 | G78: =SUM(G69:G77) -> 0 | H78: =SUM(H69:H77) -> 713460
C79: TOTAL | D79: Earned | E79: RDA Grant | F79: Potential | G79: Due From | H79: Capital Fund
C80: PROJECT COST | D80: Grant Funding | E80: Funding | F80: Grant Funding | G80: Other Funds | H80: Cost
A81: TOTAL COSTS | C81: =C6+C9+C14+C20+C28+C34+C53+C63+C67+C78 -> 11084500 | D81: =D6+D9+D14+D20+D28+D34+D53+D63+D67+D78 -> 630418 | E81: =E6+E9+E14+E20+E28+E34+E53+E63+E67+E78 -> 911000 | F81: =F6+F9+F14+F20+F28+F34+F53+F63+F67+F78 -> 1757743 | G81: =G6+G9+G14+G20+G28+G34+G53+G63+G67+G78 -> 1180500 | H81: =H6+H9+H14+H20+H28+H34+H53+H63+H67+H78 -> 6604839
C85: Priority 1 Total | I85: Priority 2 Total
A86: Administration | C86: 40000 | I86: 0
A87: Building and Grounds | C87: =SUMIF(B4:B5,1,C4:C5) -> 0 | I87: =SUMIF(B4:B5,2,C4:C5) -> 585000
A88: Building and Zoning | C88: =SUMIF(B8,1,C8) -> 0 | I88: =SUMIF(B8,2,C8) -> 35000
A89: Fire/Emergency Services | C89: =SUMIF(B11:B13,1,C11:C13) -> 95000 | I89: =SUMIF(B11:B13,2,C11:C13) -> 17000
A90: Information Technology | C90: =SUMIF(B16:B19,1,C16:C19) -> 53000 | I90: =SUMIF(B16:B19,2,C16:C19) -> 20000
A91: Parks & Recreation | C91: =SUMIF(B22:B27,1,C22:C27) -> 945000 | I91: =SUMIF(B22:B27,2,C22:C27) -> 0
A92: Police | C92: =SUMIF(B30:B33,1,C30:C33) -> 508000 | I92: =SUMIF(B30:B33,2,C30:C33) -> 0
A93: Public Works | C93: =SUMIF(B39:B52,1,C39:C52) -> 4348000 | I93: =SUMIF(B39:B52,2,C39:C52) -> 148500
A94: Stormwater | C94: =SUMIF(B55:B62,1,C55:C62) -> 1040000 | I94: =SUMIF(B55:B62,2,C55:C62) -> 1570000
A95: Sustainability | C95: =SUMIF(B65:B66,1,C65:C66) -> 120000 | I95: =SUMIF(B65:B66,2,C65:C66) -> 50000
A96: Transportation | C96: =SUMIF(B69:B77,1,C69:C77) -> 975000 | I96: =SUMIF(B69:B77,2,C69:C77) -> 575000

Sheet Master 2025-2030
A1: # | B1: Project Name | C1: Project Description | D1: Project Category | E1: Account | F1: 2025 Budget | G1: 2025 Actuals | H1: 2026 Budget | I1: 2026 Actuals | J1: 2026 Projection | K1: % Complete | L1: 2027 Budget | M1: 2028 Budget | N1: 2029 Budget | O1: 2030 Budget | P1: Grant Name | Q1: Account | R1: Grant Status | S1: Grant Budget | T1: Grant Actuals | U1: Grant Projected | V1: Department | W1: Project Manager | X1: Asset Category | Y1: Useful Life | Z1: Replace/New | AA1: Funding Source | AB1: Bid/RFP/Quote | AC1: Expected savings (cost) of project on operating ($) | AD1: Rationale for impact on operating | AE1: Notes
A2: 1 | B2: Bar Renovation | C2: Bar Renovation | D2: Golf | E2: 15-452-700 | F2: 150000 | G2: 157959.64 | H2: 0 | I2: 0 | J2: 0 | K2: N/A | L2: 0 | M2: 0 | N2: 0 | O2: 0 | V2: Golf | W2: Mike Attara | Z2: Replace | AA2: Golf Fund
A3: =A2+1 -> 2 | B3: Beverage Cart | C3: Beverage Cart | D3: Golf | E3: 15-452-700 | F3: 0 | G3: 8700 | H3: 0 | I3: 0 | J3: 0 | K3: N/A | L3: 0 | M3: 0 | N3: 0 | O3: 0 | V3: Golf | W3: Mike Attara | Z3: Replace | AA3: Golf Fund
A4: =A3+1 -> 3 | B4: Bunker Reno | C4: Bunker Reno | D4: Golf | E4: 15-452-700 | F4: 25000 | G4: 16784.64 | H4: 0 | I4: 0 | J4: 0 | K4: N/A | L4: 0 | M4: 0 | N4: 0 | O4: 0 | V4: Golf | W4: Mike Attara | Z4: Replace | AA4: Golf Fund
A5: =A4+1 -> 4 | B5: Cart Path Pavement Patching | C5: Cart Path Pavement Patching | D5: Golf | E5: 15-452-700 | F5: 0 | G5: 10028.81 | H5: 0 | I5: 17218 | J5: 17218 | K5: 1 | L5: 0 | M5: 0 | N5: 0 | O5: 0 | V5: Golf | W5: Mike Attara | Z5: Maintenance
A6: =A5+1 -> 5 | B6: 9th hole pond lined and dredged | C6: Pond dredge and lined | D6: Golf | E6: 15-452-700 | F6: 0 | G6: 0 | H6: 0 | I6: 0 | J6: 0 | K6: N/A | L6: 0 | N6: 0 | O6: 1000000 | V6: Golf | W6: Mike Attara | Z6: Replace | AA6: Golf Fund and Golf Capital
A7: =A6+1 -> 6 | B7: New well on 15 | C7: add a new well on hole 15 to tie to pond on 9 | D7: Golf | E7: 15-452-700 | F7: 0 | G7: 0 | H7: 100000 | I7: 0 | J7: 0 | K7: 0 | L7: 150000 | M7: 0 | N7: 0 | O7: 0 | V7: Golf | W7: Mike Attara | Z7: New | AA7: Golf Fund and Golf Capital
A8: =A7+1 -> 7 | B8: Water service for pond | C8: eliminate sewer charges | D8: Golf | E8: 15-452-700 | F8: 0 | G8: 0 | H8: 150000 | I8: 6407 | J8: 170334.62 | K8: 0 | L8: 0 | M8: 0 | N8: 0 | O8: 0 | V8: Golf | W8: Mike Attara | Z8: Replace | AA8: Golf Fund and Golf Capital
A9: =A8+1 -> 8 | B9: Bunker Reno | C9: Complete fairway bunkers | D9: Golf | E9: 15-452-700 | F9: 0 | G9: 0 | H9: 0 | I9: 0 | J9: 0 | K9: N/A | M9: 0 | N9: 100000 | O9: 0 | V9: Golf | W9: Mike Attara | AA9: TBD
A10: =A9+1 -> 9 | B10: Driving Range Field Work | C10: Regrade the range | D10: Golf | E10: 15-452-700 | F10: 0 | G10: 0 | H10: 0 | I10: 0 | J10: 0 | K10: N/A | L10: 0 | M10: 75000 | N10: 75000 | O10: 0 | V10: Golf | W10: Mike Attara | AA10: TBD
A11: =A10+1 -> 10 | B11: Cover the Tees | C11: Cover the range 6 stalls | D11: Golf | E11: 15-452-700 | F11: 0 | G11: 0 | H11: 0 | I11: 0 | J11: 0 | K11: N/A | L11: 0 | M11: 200000 | N11: 0 | O11: 0 | V11: Golf | W11: Mike Attara | AA11: TBD
A12: =A11+1 -> 11 | B12: Deck Replacement | C12: Upgrade Deck to Composite | D12: Golf | E12: 15-452-700 | F12: 0 | G12: 0 | H12: 0 | I12: 0 | J12: 0 | K12: N/A | L12: 250000 | M12: 0 | N12: 0 | O12: 0 | V12: Golf | W12: Mike Attara | AA12: TBD
A13: =A12+1 -> 12 | B13: Clubhouse improvements windows/paint/roof | C13: Update failing windows, paint and roof. | D13: Golf | E13: 15-452-700 | F13: 0 | G13: 0 | H13: 0 | K13: N/A | L13: 80000 | M13: 100000 | N13: 50000 | O13: 0 | V13: Golf | W13: Mike Attara
A14: =A13+1 -> 13 | B14: Cart path improvements | C14: Cart path improvements annually | D14: Golf | E14: 15-452-700 | F14: 0 | G14: 0 | H14: 0 | K14: N/A | L14: 0 | M14: 0 | N14: 0 | O14: 0 | V14: Golf | W14: Mike Attara
A15: =A14+1 -> 14 | B15: Computers | C15: Computers | D15: IT | E15: 19-407-700 | F15: 0 | G15: 74240.11 | H15: 0 | I15: 0 | J15: 0 | K15: N/A | L15: 0 | M15: 0 | N15: 0 | O15: 0 | V15: IT | W15: ASK Technology | AA15: TBD
A16: =A15+1 -> 15 | B16: 2026 Server Project | C16: 2026 Server Project | D16: IT | E16: 19-407-700 | F16: 0 | G16: 0 | H16: 0 | I16: 223891.18 | J16: 223891.18 | K16: 1 | L16: 0 | M16: 0 | N16: 0 | O16: 0 | V16: IT | W16: ASK Technology
A17: =A16+1 -> 16 | B17: 2027 IT Firewall, Switches, and Access Points - Admin Building | C17: 2027 IT Firewall, Switches, and Access Points | D17: IT | E17: 19-407-700 | F17: 0 | G17: 0 | H17: 0 | I17: 0 | J17: 0 | K17: N/A | L17: 130830 | M17: 0 | N17: 0 | O17: 0 | V17: IT | W17: ASK Technology | AA17: Bond Fund and General Fund
A18: =A17+1 -> 17 | B18: 2027 IT Firewall, Switches, and Access Points - P&R | C18: 2027 IT Firewall, Switches, and Access Points - P&R | D18: IT | E18: 05-409-450 | F18: 0 | G18: 0 | H18: 0 | I18: 0 | J18: 0 | K18: N/A | L18: 21960 | M18: 0 | N18: 0 | O18: 0 | V18: IT | W18: ASK Technology
A19: =A18+1 -> 18 | B19: 2027 IT Firewall, Switches, and Access Points - Pool | C19: 2027 IT Firewall, Switches, and Access Points - P&R | D19: IT | E19: 09-452-450 | F19: 0 | G19: 0 | H19: 0 | I19: 0 | J19: 0 | K19: N/A | L19: 32924.88 | M19: 0 | N19: 0 | O19: 0 | V19: IT | W19: ASK Technology
A20: =A19+1 -> 19 | B20: Future Open Space Acquisition (1377 Woodside Road) | C20: Future Open Space Acquisition (1377 Woodside Road) | D20: Open Space | E20: 19-461-700 | F20: 0 | G20: 0 | H20: 0 | I20: 0 | J20: 0 | K20: N/A | L20: 2737500 | M20: 0 | N20: 0 | O20: 0 | V20: Administration | W20: David Kratzer | AA20: Bond Fund - $262,851.81/Remainder debt issued
A21: =A20+1 -> 20 | B21: Future Open Space Acquisition (Willard Family Properties) | C21: Future Open Space Acquisition (Willard Family Properties) | D21: Open Space | E21: 19-461-700 | F21: 0 | G21: 0 | H21: 0 | I21: 0 | J21: 0 | K21: N/A | L21: 1180000 | M21: 0 | N21: 0 | O21: 0 | V21: Administration | W21: David Kratzer | AA21: New Debt
A22: =A21+1 -> 21 | B22: Future Open Space Acquisition (Oxford Valley Road) | C22: Future Open Space Acquisition (Oxford Valley Road) | D22: Open Space | E22: 19-461-700 | F22: 0 | G22: 0 | H22: 0 | I22: 0 | J22: 0 | K22: N/A | L22: 300000 | M22: 0 | N22: 0 | O22: 0 | V22: Administration | W22: David Kratzer | AA22: New Debt
A23: =A22+1 -> 22 | B23: Future Open Space Acquisition (Big Oak Road) | C23: Future Open Space Acquisition (Big Oak Road) | D23: Open Space | E23: 19-461-700 | F23: 0 | G23: 0 | H23: 0 | I23: 0 | J23: 0 | K23: N/A | L23: 2100000 | M23: 0 | N23: 0 | O23: 0 | V23: Administration | W23: David Kratzer | AA23: New Debt
A24: =A23+1 -> 23 | B24: Basketball Mill and Pave P1/P2 | C24: Keystone Sports Construction Basketball Mill and Pave P1/P2 | D24: Park and Rec | E24: 06-454-700 | F24: 0 | G24: 42188.25 | H24: 0 | I24: 0 | J24: 0 | K24: N/A | L24: 0 | M24: 0 | N24: 0 | O24: 0 | V24: Administration | W24: David Kratzer
A25: =A24+1 -> 24 | B25: Memorial Park Expansion Engineering | C25: Memorial Park Expansion Engineering | D25: Park and Rec | E25: 06-454-700 | F25: 1210000 | G25: 40690.25 | H25: 800000 | I25: 36369.71 | J25: 60369.71 | K25: N/A | L25: 0 | M25: 0 | N25: 0 | O25: 0 | P25: DCED Grant - Deadline Jun - 2026 - No Match | Q25: 05-354-011 | R25: Awarded | S25: 900000 | U25: 900000 | V25: Park and Recreation | W25: Derek Fuller | Z25: Replace | AA25: P&R Fee in Lieu of Fund | AE25: While the original budget was over the grant amount we are adjusting to try to keep the project under the no match DCED amount of $900,000
A26: =A25+1 -> 25 | B26: Memorial Park Expansion Construction | C26: Memorial Park Expansion Construction | D26: Park and Rec | E26: 05-454-700 | F26: 0 | G26: 0 | H26: 0 | I26: 0 | J26: 0 | K26: N/A | L26: 822940.04 | M26: 0 | N26: 0 | O26: 0 | V26: Park and Recreation | W26: Derek Fuller
A27: =A26+1 -> 26 | B27: Kids Kingdom Design | C27: Kids Kingdom Design | D27: Park and Rec | E27: 05-454-700 | F27: 120000 | G27: 0 | H27: 0 | I27: 0 | J27: 0 | K27: N/A | L27: 0 | M27: 150000 | N27: 0 | O27: 0 | V27: Park and Recreation | W27: Derek Fuller | Z27: Replace | AA27: TBD
A28: =A27+1 -> 27 | B28: Trail Maintenance | C28: Trail Maintenance | D28: Park and Rec | E28: 06-454-700 | F28: 70000 | G28: 0 | H28: 0 | I28: 0 | J28: 0 | K28: 0.05 | L28: 0 | M28: 0 | N28: 0 | O28: 0 | V28: Park and Recreation | W28: Derek Fuller | Z28: Replace | AA28: P&R Fee in Lieu of Fund
A29: =A28+1 -> 28 | B29: Cardinal Court Repair with Sound Barriers | C29: Cardinal Court Repair with Sound Barriers | D29: Park and Rec | E29: 06-454-700 | F29: 400000 | G29: 324418.68 | H29: 0 | I29: 26239.83 | J29: 26239.83 | K29: N/A | L29: 0 | M29: 0 | N29: 0 | O29: 0 | V29: Park and Recreation | W29: Derek Fuller | Z29: Replace | AA29: P&R Fee in Lieu of Fund | AE29: Awaiting Ground Breaking (~8/4), CO No. 1 for BOS approval next meeting (Rebar added in curb).
A30: =A29+1 -> 29 | B30: Macclesfield Park Master Plan | C30: Macclesfield Park Master Plan | D30: Park and Rec | E30: 07-454-313 | F30: 0 | G30: 1766.7 | H30: 0 | I30: 0 | J30: 0 | K30: N/A | L30: 0 | M30: 0 | N30: 0 | O30: 0 | V30: Park and Recreation | W30: Monica Tierney
A31: =A30+1 -> 30 | B31: 5 Mile Woods Boardwalk Expansion - 2026 | C31: 5 Mile Woods Boardwalk Expansion - 2026 | D31: Park and Rec | E31: 05-454-700 | F31: 0 | G31: 0 | H31: 10000 | I31: 7446.66 | J31: 20000 | K31: 1 | L31: 0 | M31: 0 | N31: 0 | O31: 0 | P31: PECO Green Region Grant - Deadline Dec - 2026 | Q31: 05-354-011 | R31: Awarded | S31: 10000 | T31: 10000 | U31: 10000 | V31: Park and Recreation | W31: Derek Fuller | AA31: Park and Recreation Fund | AE31: Getting quotes for materials
A32: =A31+1 -> 31 | B32: John Deere - Z-Turn Mower 960M | C32: Zero Turn Mower Replacement | D32: Park and Rec | E32: 05-454-700 | F32: 0 | G32: 0 | H32: 13000 | I32: 9771.04 | J32: 9771.04 | K32: N/A | L32: 13000 | M32: 13000 | O32: 0 | V32: Park and Recreation | W32: Derek Fuller | AA32: Park and Recreation Fund
A33: =A32+1 -> 32 | B33: Revere Pickleball Park Court Replacement Design | C33: Revere Pickleball Park Court Replacement Design | D33: Park and Rec | E33: 06-454-700 | F33: 0 | G33: 0 | H33: 250000 | I33: 29436.8 | J33: 33750 | K33: 0 | L33: 0 | M33: 0 | N33: 0 | O33: 0 | V33: Park and Recreation | W33: Derek Fuller | AA33: P&R Fee in Lieu of Fund
A34: =A33+1 -> 33 | B34: Revere Pickleball Park Court Replacement Construction | C34: Revere Pickleball Park Court Replacement Construction | D34: Park and Rec | E34: 05-454-700 | F34: 0 | G34: 0 | H34: 0 | I34: 0 | J34: 0 | K34: 1 | L34: 479600 | M34: 0 | N34: 0 | O34: 0 | V34: Park and Recreation | W34: Derek Fuller
A35: =A34+1 -> 34 | B35: Community Courts Replacement Project - Engineering/Design | C35: Community Courts Replacement Project - Engineering/Design | D35: Park and Rec | E35: 06-454-700 05-454-700 | F35: 0 | G35: 0 | H35: 25000 | I35: 0 | J35: 0 | K35: 0.05 | L35: 40000 | M35: 0 | N35: 0 | O35: 0 | V35: Park and Recreation | W35: Derek Fuller | AA35: P&R Fee in Lieu of Fund
A36: =A35+1 -> 35 | B36: Heacock Medows (Cardinal/Finch) Basketball Court Replacement | C36: Heacock Medows (Cardinal/Finch) Basketball Court Replacement | D36: Park and Rec | E36: 05-454-700 | F36: 0 | G36: 0 | H36: 0 | I36: 0 | J36: 0 | K36: 0 | L36: 0 | M36: 0 | N36: 170000 | O36: 0 | V36: Park and Recreation | W36: Derek Fuller | AA36: TBD
A37: =A36+1 -> 36 | B37: Memorial Park Basketball Court Minor Crack Repair | C37: Memorial Park Basketball Court Minor Crack Repair | D37: Park and Rec | E37: 05-454-700 | F37: 0 | G37: 0 | H37: 0 | I37: 0 | J37: 0 | K37: N/A | L37: 0 | M37: 6000 | N37: 0 | O37: 0 | V37: Park and Recreation | W37: Derek Fuller | AA37: TBD
A38: =A37+1 -> 37 | B38: Heacock Medows (Cardinal/Finch) Pickleball/Tennis Court Minor Crack Repair | C38: Heacock Medows (Cardinal/Finch) Pickleball/Tennis Court Minor Crack Repair | D38: Park and Rec | E38: 05-454-700 | F38: 0 | G38: 0 | H38: 0 | I38: 0 | J38: 0 | K38: N/A | L38: 0 | M38: 0 | N38: 6000 | O38: 0 | V38: Park and Recreation | W38: Derek Fuller | AA38: TBD
A39: =A38+1 -> 38 | B39: Schuyler Tennis Court Minor Crack Repair | C39: Schuyler Tennis Court Minor Crack Repair | D39: Park and Rec | E39: 05-454-700 | F39: 0 | G39: 0 | H39: 0 | I39: 0 | J39: 0 | K39: N/A | L39: 0 | M39: 0 | N39: 6000 | O39: 0 | V39: Park and Recreation | W39: Derek Fuller | AA39: TBD
A40: =A39+1 -> 39 | B40: Kids Kingdom Playground Recontruction | C40: Reconstruction of Kids Kingdom Playground Including Bathroom Building Renovations | D40: Park and Rec | E40: 05-454-700 | F40: 0 | G40: 0 | H40: 0 | I40: 0 | J40: 0 | K40: N/A | L40: 0 | M40: 0 | N40: 3500000 | O40: 0 | V40: Park and Recreation | W40: Derek Fuller
A41: =A40+1 -> 40 | B41: Garden of Reflection Memorial Improvements | C41: 9/11 Lights, Benches, Walkway, Fountain | D41: Park and Rec | E41: 41-454-700 | F41: 0 | G41: 0 | H41: 1000000 | I41: 0 | J41: 0 | K41: N/A | L41: 200000 | M41: 0 | N41: 0 | O41: 0 | P41: LSA Grant - Awarded $200,000 | Q41: 40-357-011 | R41: Awarded | S41: 200000 | V41: Park and Recreation | W41: Derek Fuller | AA41: Grant/Garden of Refelction Capital Fund
A42: =A41+1 -> 41 | B42: Cardinal Courts - Additional Pedestrian Access | C42: Installation of Additional Sidewalk & Necessary Steps | D42: Park and Rec | E42: 05-454-700 | F42: 0 | G42: 0 | H42: 0 | I42: 0 | J42: 0 | K42: 0 | L42: 25000 | M42: 0 | N42: 0 | O42: 0 | V42: Park and Recreation | W42: Derek Fuller
A43: =A42+1 -> 42 | B43: Bike Path Trail Maintenance Program | C43: Reoccuring Maintenance, Rehabilitation, Reconstruction of Existing Bike Path Network - Including ADA Enhancements at Curb Ramps | D43: Park and Rec | E43: 05-454-700 | F43: 0 | G43: 0 | H43: 0 | I43: 0 | J43: 0 | K43: 1 | L43: 300000 | M43: 350000 | N43: 350000 | O43: 400000 | V43: Park and Recreation | W43: Derek Fuller
A44: =A43+1 -> 43 | B44: Macclesfield Park LED Field Lighting Upgrades | C44: Macclesfield Park LED Lighting Ugrades - Update Exisiting System to LEDs & New Controllers for all Existing Field Lights | D44: Park and Rec | E44: 05-454-700 | F44: 0 | G44: 0 | H44: 0 | I44: 0 | J44: 0 | K44: N/A | L44: 0 | M44: 2000000 | N44: 0 | O44: 0 | V44: Park and Recreation | W44: Derek Fuller
A45: =A44+1 -> 44 | B45: Macclesfield Park Baseball Field Rehabilitations | C45: Macclesfield Park Baseball Field Rehabiliation - Fencing, Dugouts, Infields | D45: Park and Rec | E45: 05-454-700 | F45: 0 | G45: 0 | H45: 0 | I45: 0 | J45: 0 | K45: N/A | L45: 0 | M45: 100000 | N45: 0 | O45: 0 | V45: Park and Recreation | W45: Derek Fuller
A46: =A45+1 -> 45 | B46: Community Courts Replacement Project - Construction | C46: Community Courts Complete Rehabilitation Project - Construction | D46: Park and Rec | E46: 05-454-700 | F46: 0 | G46: 0 | H46: 0 | I46: 0 | J46: 0 | K46: N/A | L46: 0 | M46: 600000 | N46: 0 | O46: 0 | V46: Park and Recreation | W46: Derek Fuller
A47: =A46+1 -> 46 | B47: Community Park LED Field Lighting Upgrades | C47: Community Park LED Lighting Ugrades - Update Exisiting System to LEDs & New Controllers for Softball, Tennis/Pickleball, Basketball | D47: Park and Rec | E47: 05-454-700 | F47: 0 | G47: 0 | H47: 0 | I47: 0 | J47: 0 | L47: 0 | M47: 245000 | N47: 0 | O47: 0 | V47: Park and Recreation | W47: Derek Fuller
A48: =A47+1 -> 47 | B48: John Deere - Wide Area Mower 1300 - Replacement | C48: John Deere - Wide Area Mower 1300 - Replacing Existing 2018 WAM (Lease 20 Payments) | D48: Park and Rec | E48: 05-454-700 | F48: 0 | G48: 0 | H48: 0 | I48: 0 | J48: 0 | L48: 0 | M48: 28000 | N48: 28000 | O48: 28000 | V48: Park and Recreation | W48: Derek Fuller
A49: =A48+1 -> 48 | B49: Field Tractor Replacement | C49: Replacement of Existing 2003 Field Tractor | D49: Park and Rec | E49: 05-454-700 | F49: 0 | G49: 0 | H49: 0 | I49: 0 | J49: 0 | L49: 0 | M49: 0 | N49: 90000 | O49: 0 | V49: Park and Recreation | W49: Derek Fuller
A50: =A49+1 -> 49 | B50: Schuyler Courts Minor Crack Repair | C50: Schuyler Courts Minor Crack Repair | D50: Park and Rec | E50: 05-454-700 | F50: 0 | G50: 0 | H50: 0 | I50: 0 | J50: 0 | L50: 0 | M50: 0 | N50: 6000 | O50: 0 | V50: Park and Recreation | W50: Derek Fuller
A51: =A50+1 -> 50 | B51: Dog Park Fence Replacement | C51: Replacement of Perimeter Fencing at Dog Park | D51: Park and Rec | E51: 05-454-700 | F51: 0 | G51: 0 | H51: 0 | I51: 0 | J51: 0 | L51: 0 | M51: 0 | N51: 0 | O51: 55000 | V51: Park and Recreation | W51: Derek Fuller
A52: =A51+1 -> 51 | B52: Cardinal Courts Minor Crack Repair | C52: Cardinal Courts Minor Crack Repair | D52: Park and Rec | E52: 05-454-700 | F52: 0 | G52: 0 | H52: 0 | I52: 0 | J52: 0 | L52: 0 | M52: 0 | N52: 0 | O52: 6000 | V52: Park and Recreation | W52: Derek Fuller
A53: =A52+1 -> 52 | B53: Pool Security Cameras | C53: Replace 1 set of Pool Security Cameras | D53: Pool | E53: 09-452-700 | F53: 14000 | G53: 19762.1 | H53: 0 | I53: 0 | J53: 0 | L53: 0 | M53: 0 | N53: 0 | O53: 0 | P53: DVPLT and DVWCT Grants | Q53: 09-357-011 | R53: Awarded | S53: 5762.11 | T53: 5762.11 | U53: 5762.11 | V53: Park and Recreation | W53: Monica Tierney | Z53: Replace | AA53: Grant/Pool
A54: =A53+1 -> 53 | B54: Pool Filter Replacement | C54: Replace oldest pool filter from 1981 | D54: Pool | E54: 06-454-700 | F54: 120000 | G54: 84017.46 | H54: 0 | I54: 0 | J54: 0 | L54: 0 | M54: 0 | N54: 0 | O54: 0 | V54: Park and Recreation | W54: Monica Tierney | Y54: 22 Years | Z54: Replace | AA54: P&R Fee in Lieu of Fund
A55: =A54+1 -> 54 | B55: Pool Heater Replacement | C55: Pool Heater Replacement | D55: Pool | E55: 06-454-700 | F55: 20000 | G55: 23455 | H55: 0 | I55: 0 | J55: 0 | L55: 0 | M55: 0 | N55: 0 | O55: 0 | V55: Park and Recreation | W55: Monica Tierney | Z55: Replace | AA55: P&R Fee in Lieu of Fund
A56: =A55+1 -> 55 | B56: Pool Heater Replacements | C56: Baby Pool | D56: Pool | E56: 06-454-700 | F56: 0 | G56: 0 | H56: 9365 | I56: 7860 | J56: 7860 | L56: 0 | M56: 0 | N56: 0 | O56: 0 | V56: Park and Recreation | W56: Lynn Todd/Derek Fuller | AA56: TBD
A57: =A56+1 -> 56 | B57: Pool Heater Replacements | C57: Olympic | D57: Pool | E57: 09-452-700 | F57: 0 | G57: 0 | H57: 0 | I57: 0 | J57: 0 | L57: 53000 | M57: 0 | N57: 0 | O57: 0 | V57: Park and Recreation | W57: Lynn Todd/Derek Fuller | AA57: TBD
A58: =A57+1 -> 57 | B58: Pool Slide Replacement/Upgrade Project | C58: Evaluatation and Replacement/Upgrades to Pool Slides (Multi-Year Project) | D58: Pool | E58: 09-452-700 | F58: 0 | G58: 0 | H58: 0 | I58: 0 | J58: 0 | L58: 0 | M58: 150000 | N58: 350000 | O58: 0 | V58: Park and Recreation | W58: Lynn Todd/Derek Fuller | AA58: TBD
A59: =A58+1 -> 58 | B59: Pool Diving Board - Spring Board Replacement | C59: Replacement of the Existing Spring Board Diving Board | D59: Pool | E59: 09-452-700 | F59: 0 | G59: 0 | H59: 0 | I59: 0 | J59: 0 | L59: 8000 | M59: 0 | N59: 0 | O59: 0 | V59: Park and Recreation | W59: Derek Fuller
A60: =A59+1 -> 59 | B60: Pool Sewer Pump Station Upgrades | C60: Upgrades & Repairs to Sewage Pump Station at the Pool | D60: Pool | E60: 09-452-700 | F60: 0 | G60: 0 | H60: 0 | I60: 0 | J60: 0 | L60: 25000 | M60: 0 | N60: 0 | O60: 0 | V60: Park and Recreation | W60: Derek Fuller
A61: =A60+1 -> 60 | B61: Pool ADA Pool Access Lift Replacements | C61: Replacement of 2x Exising ADA Chair Lifts | D61: Pool | E61: 09-452-700 | F61: 0 | G61: 0 | H61: 0 | I61: 0 | J61: 0 | K61: N/A | L61: 0 | M61: 16500 | N61: 0 | O61: 0 | V61: Park and Recreation | W61: Derek Fuller
A62: =A61+1 -> 61 | B62: Pool Building Facility Upgrades - Design & Reconstruction Project | C62: Design & Reconstruction of the Restroom's and Pool Facility Buildings Including ADA Improvements, Roofing, HVAC | D62: Pool | E62: 09-452-700 | F62: 0 | G62: 0 | H62: 0 | I62: 0 | J62: 0 | L62: 0 | M62: 1500000 | N62: 0 | O62: 0 | V62: Park and Recreation | W62: Derek Fuller
A63: =A62+1 -> 62 | B63: Pool & Community Park Parking Lot Repaving | C63: Repaving of Existing Parking Lot (Stormwater Management Improvements?) | D63: Park and Rec/Pool | E63: 05-454-700 09-452-700 | F63: 0 | G63: 0 | H63: 0 | I63: 0 | J63: 0 | L63: 0 | N63: 1250000 | O63: 0 | V63: Park and Recreation | W63: Derek Fuller
A64: =A63+1 -> 63 | B64: Patterson Farm Building Improvements | C64: Patterson Farm Building Improvements | D64: Patterson Farm | E64: 45-461-700 | F64: 522080 | G64: 22974 | H64: 500545 | I64: 0 | J64: 0 | K64: 0 | L64: 0 | M64: 0 | N64: 0 | O64: 0 | V64: Patterson Farm | W64: Derek Fuller | AA64: 2016 Bond/Patterson Farm Fund
A65: =A64+1 -> 64 | B65: Patterson Farm Painting | C65: Patterson Farm Painting | D65: Patterson Farm | E65: 45-461-700 | F65: 177920 | G65: 177945 | H65: 0 | I65: 0 | J65: 76536 | K65: N/A | L65: 0 | M65: 0 | N65: 0 | O65: 0 | V65: Patterson Farm | W65: Derek Fuller | AA65: 2016 Bond/Patterson Farm Fund
A66: =A65+1 -> 65 | B66: Phase 2 ESA - Engineering/Design/Testing/Removal | C66: Phase 2 ESA - Engineering/Design/Testing/Removal | D66: Patterson Farm | E66: 45-461-700 | F66: 0 | G66: 0 | H66: 0 | I66: 0 | J66: 0 | K66: 0 | L66: 125000 | M66: 0 | N66: 0 | O66: 0 | V66: Patterson Farm | W66: Derek Fuller
A67: =A66+1 -> 66 | B67: Patterson Farm Improvement - LSA Grant Design | C67: Patterson Farm Improvement - LSA Grant Design | D67: Patterson Farm | E67: 45-461-700 | F67: 0 | G67: 0 | H67: 0 | I67: 0 | J67: 0 | L67: 99000 | M67: 0 | N67: 0 | O67: 0 | V67: Patterson Farm | W67: Derek Fuller
A68: =A67+1 -> 67 | B68: Patterson Farm Improvements - LSA Grant Construction | C68: Patterson Farm Improvements - LSA Grant Construction | D68: Patterson Farm | E68: 45-461-700 | F68: 0 | G68: 0 | H68: 0 | I68: 0 | J68: 0 | L68: 1058545 | M68: 0 | N68: 0 | O68: 0 | V68: Patterson Farm | W68: Derek Fuller
A69: =A68+1 -> 68 | B69: 1425 River Road | C69: House Elevation Project | D69: Planning and Zoning | E69: 01-414-700 | F69: 0 | G69: 0 | H69: 0 | I69: 0 | J69: 0 | K69: N/A | L69: 400000 | M69: 0 | N69: 0 | O69: 0 | P69: FEMA Flood Mitigation Assistant | Q69: 01-351-121 | R69: Applied | S69: 400000 | V69: Planning and Zoning | W69: Dan McCloone | X69: N/A | Y69: N/A | Z69: N/A | AA69: Grant | AB69: Bid | AC69: N/A | AD69: N/A | AE69: A private stormwater flood mitigation project. A wash for the township.
A70: =A69+1 -> 69 | B70: Handgun Replacement and Ammunition | C70: Replace and Upgrade Duty Weapons on regular interval | D70: Police | E70: 19-410-700 | F70: 0 | G70: 0 | H70: 56581 | I70: 0 | J70: 0 | K70: N/A | L70: 0 | M70: 0 | N70: 0 | O70: 0 | P70: $12,000 and $44,581 Donation | Q70: Foundation | R70: Donation | S70: 56581 | T70: 56581 | U70: 56581 | V70: Police | W70: Hilghman | X70: Equipment | Y70: 6-10 years | Z70: Replace | AA70: Donation | AB70: Quote | AC70: After application of donation and sell back, total is $34,814 | AD70: Equipment necessary for patrol Change to 9mm with Pistol Mounted optic with greater accuracy. | AE70: Ended up donating to the foundation and paying out of the foundation
A71: =A70+1 -> 70 | B71: 2026 - 2 Explorers Upfitted, 1 Tahoe Uplifted, No Lease Term Ends | C71: 2026 - 3 Explorers Upfitted, No Lease Term Ends | D71: Police | E71: 01-410-700 | F71: 0 | G71: 0 | H71: 92640 | I71: 64692 | J71: 86256 | K71: 0.75 | L71: 86256 | M71: 86256 | N71: 0 | O71: 0 | V71: Police | W71: Hilghman | X71: Cars | AA71: General Fund
A72: =A71+1 -> 71 | B72: 2026 - 4 CID Upfits | C72: 2026 - 5 CID Upfits | D72: Police | E72: 01-410-700 | F72: 0 | G72: 0 | H72: 32000 | I72: 0 | J72: 18336.2 | K72: N/A | L72: 0 | M72: 0 | N72: 0 | O72: 0 | V72: Police | W72: Hilghman
A73: =A72+1 -> 72 | B73: 2027 - 3 Explorers Upfitted (K9), 1 Tahoe Upfitted, 7 lease terminations & 4 Cmd Upfits | C73: 2027 - 4 Explorers Upfitted (K9), 7 lease terminations | D73: Police | E73: 01-410-700 | F73: 0 | G73: 0 | H73: 0 | I73: 0 | J73: 0 | K73: N/A | L73: 236278 | M73: 129600 | N73: 129600 | O73: 0 | P73: Applied for PCCD grant which if approved, would provide funding for MDTs $61,000 | Q73: 01-354-020 | R73: Pending - Decision December 2026 | S73: 63000 | V73: Police | W73: Hilghman | AA73: General Fund
A74: =A73+1 -> 73 | B74: 2027 - LIVESCAN (Fingerprinting) Mandatory Upgrade | C74: Replace LIVESCAN Fingerprint Unit due to end of service life | D74: Police | E74: 01-410-260 | F74: 0 | G74: 0 | H74: 0 | I74: 0 | J74: 0 | K74: N/A | L74: 12275 | M74: 0 | N74: 0 | O74: 0 | V74: Police | W74: Omlor | X74: Equipment | Y74: 6-10 years | Z74: Replace | AA74: General Fund/Booking Fees | AD74: Necessary to continue booking center operation
A75: =A74+1 -> 74 | B75: Surveillance Camera System Replacement - Police HQ | C75: Replace aging surveillance system at Police HQ and exterior of Admin Bldg | D75: Police | E75: 01-410-450 | F75: 0 | G75: 0 | H75: 0 | I75: 0 | J75: 0 | K75: N/A | L75: 45000 | M75: 25000 | N75: 15000 | O75: 10000 | V75: Police | W75: Omlor | X75: Contracted Service | Y75: 6 -10 years | Z75: Replace | AA75: General Fund | AD75: Existing system near end of service life/old technology
A76: =A75+1 -> 75 | B76: 2027 - Speed Sign/Message Board Upgrade/Replacement | C76: Replace aging speed sign with upgraded, enhanced model | D76: Police | E76: 01-410-260 | F76: 0 | G76: 0 | H76: 0 | I76: 0 | J76: 0 | K76: 0 | L76: 19000 | M76: 0 | N76: 0 | O76: 0 | V76: Police | W76: Omlor | X76: Equipment | Y76: 10 years | Z76: Replace | AA76: General Fund | AD76: Existing equipment near end of life; new equipment increases/enhances capability
A77: =A76+1 -> 76 | B77: Police Radio Upgrade | C77: Police Radio Upgrade | D77: Police | E77: 19-410-700 | F77: 0 | G77: 0 | H77: 0 | I77: 0 | J77: 0 | K77: N/A | L77: 360000 | M77: 0 | N77: 0 | O77: 0 | P77: Applied for PCCD grant which if approved, would provide funding for 21 portable radios at $184,086 | Q77: 19-354-020 | R77: Pending - Decision December 2026 | S77: 184086 | V77: Police | W77: Reeves | X77: Communication | Y77: 15-20 years | Z77: Replace | AA77: Special Projects Fund and Bond Fund | AD77: Current equipment is end of service life and without support
A78: =A77+1 -> 77 | B78: 2028 - Rifle Replacement | C78: 21 Rifles | D78: Police | E78: 01-410-191 | F78: 0 | G78: 0 | H78: 0 | I78: 0 | J78: 0 | K78: N/A | L78: 0 | M78: 22100 | N78: 0 | O78: 0 | V78: Police | W78: Hilghman | AA78: General Fund
A79: =A78+1 -> 78 | B79: 2028 - 3 Explorers Upfitted, 6 Leases Terminated | C79: 2028 - 3 Explorers Upfitted, 6 Leases Terminated | D79: Police | E79: 01-410-700 | F79: 0 | G79: 0 | H79: 0 | I79: 0 | J79: 0 | K79: N/A | L79: 0 | M79: 121275.5 | N79: 104000 | O79: 10400 | V79: Police | W79: Hilghman | AA79: General Fund
A80: =A79+1 -> 79 | B80: 2029 - 3 Explorers Upfitted, 2 Leases Terminated | C80: 2029 - 3 Explorers Upfitted, 2 Leases Terminated | D80: Police | E80: 01-410-700 | F80: 0 | G80: 0 | H80: 0 | I80: 0 | J80: 0 | K80: N/A | L80: 0 | M80: 0 | N80: 120995.2 | O80: 111600 | V80: Police | W80: Hilghman | AA80: General Fund
A81: =A80+1 -> 80 | B81: Big Oak/Makefield Intersection Imprv | C81: ARLE Intersection | D81: Public Works | E81: 11-439-700 19-430-700 | F81: 260000 | G81: 31580 | H81: 500000 | I81: 335427.87 | J81: 504706 | K81: 0.01 | L81: 0 | M81: 0 | N81: 0 | O81: 0 | P81: ARLE Grant | Q81: 19-354-030 | R81: Awarded | S81: 260000 | U81: 260000 | V81: Public Works | W81: Derek Fuller | AA81: Grant/Traffic Impact Fund/Special Projects Fund
A82: =A81+1 -> 81 | B82: Woodside Road Bike Path | C82: Woodside Road Bike Path | D82: Public Works | E82: 19-430-700 | F82: 204754 | G82: 15173.22 | H82: 180000 | I82: 9580.53 | J82: 20000 | K82: 0 | L82: 195000 | M82: 0 | N82: 0 | O82: 0 | V82: Public Works | W82: Derek Fuller | AA82: 2016 Bond/Special Projects Fund
A83: =A82+1 -> 82 | B83: Taylorsville Rd & Woodside Road | C83: Trail Connection Crossing Taylorsville Road | D83: Public Works | E83: 19-430-700 | F83: 306700 | G83: 52014.4 | H83: 250000 | I83: 0 | J83: 0 | K83: 0 | L83: 275000 | M83: 0 | N83: 0 | O83: 0 | V83: Public Works | W83: Derek Fuller | AA83: 2016 Bond/Special Projects Fund | AE83: Design/Permitting with RVE - 90%
A84: =A83+1 -> 83 | B84: Big Oak/Pine Grove Intersection Imprv | C84: Big Oak/Pine Grove Intersection Imprv | D84: Public Works | E84: 19-430-700 | F84: 305320 | G84: 442489.25 | H84: 0 | I84: 0 | J84: 0 | K84: N/A | L84: 0 | M84: 0 | N84: 0 | O84: 0 | P84: Green Light Go Grant | Q84: 19-354-030 | R84: Awarded | S84: 305320 | T84: 305320 | U84: 305320 | V84: Public Works | W84: Derek Fuller | AA84: 2016 Bond/Special Projects Fund
A85: =A84+1 -> 84 | B85: Taylorsville Road Curb and Sidewalk | C85: Taylorsville Road Curb and Sidewalk | D85: Public Works | E85: 19-430-700 | F85: 2503526 | G85: 0 | H85: 2503526 | I85: 123737.52 | J85: 183737.52 | K85: 0.02 | L85: 2992878 | M85: 0 | N85: 0 | O85: 0 | P85: DCED MTF Grant - June 30, 2028 final date for reimbursement, TSA Grant | Q85: 19-354-030 | R85: Awarded | S85: 3176616 | U85: 3176616 | V85: Public Works | W85: Derek Fuller | AA85: 2016 Bond/Special Projects Fund
A86: =A85+1 -> 85 | B86: Tub Grinder | C86: Tub Grinder - Morbark 1100 | D86: Public Works | E86: 19-430-700 | F86: 0 | G86: 659750 | H86: 0 | I86: 0 | J86: 0 | K86: N/A | L86: 0 | M86: 0 | N86: 0 | O86: 0 | P86: Statewide Local Share Grant | Q86: 19-354-030 | S86: 827390 | T86: 657183 | U86: 827390 | V86: Public Works | W86: Derek Fuller | AA86: 2016 Bond/Special Projects Fund
A87: =A86+1 -> 86 | B87: Excavator | C87: Excavator - Volvo EC140 | D87: Public Works | E87: 19-430-700 | F87: 0 | G87: 167640 | H87: 0 | I87: 0 | J87: 0 | K87: N/A | L87: 0 | M87: 0 | N87: 0 | O87: 0 | V87: Public Works | W87: Derek Fuller | AA87: 2016 Bond/Special Projects Fund
A88: =A87+1 -> 87 | B88: 2025 - Road Paving Program | C88: 2025 - Road Paving Program | D88: Public Works | E88: 42-430-700 | F88: 2100000 | G88: 1548771.6 | H88: 0 | I88: 80526.24 | J88: 80526.24 | K88: 0.25 | L88: 0 | M88: 0 | N88: 0 | O88: 0 | V88: Public Works | W88: Derek Fuller | AA88: Roadway Improvement Fund
A89: =A88+1 -> 88 | B89: John Deere - Z-Turn Mower 960M | C89: John Deere - Z-Turn Mower 960M | D89: Public Works | E89: 01-436-220 | F89: 12000 | G89: 9867.04 | H89: 0 | I89: 0 | J89: 0 | K89: N/A | L89: 0 | M89: 0 | N89: 0 | O89: 0 | V89: Public Works | W89: Derek Fuller | X89: Equipment | Z89: Replace 2018 Hustler Z-Turn | AA89: General Fund
A90: =A89+1 -> 89 | B90: 2025 - Small Dump Truck | C90: Small Dump Truck (301) | D90: Public Works | E90: 35-430-700 | F90: 130000 | G90: 75032 | H90: 54458 | I90: 0 | J90: 54458 | K90: 0 | L90: 0 | M90: 0 | N90: 0 | O90: 0 | V90: Public Works | W90: Derek Fuller | X90: Equipment | Z90: Replace Unit 301 - 2008 GMC 5500 Dump Truck | AA90: Liquid Fuels Fund
A91: =A90+1 -> 90 | B91: 2025 - Large Dump Truck | C91: Large Dump Truck (305) | D91: Public Works | E91: 35-430-700 | F91: 265000 | G91: 0 | H91: 136877 | I91: 128164.41 | J91: 136877 | K91: 0.75 | L91: 0 | M91: 0 | N91: 0 | O91: 0 | V91: Public Works | W91: Derek Fuller | X91: Equipment | Z91: Replace Unit 305 - 2008 International 6-Wheel Dump | AA91: Liquid Fuels Fund
A92: =A91+1 -> 91 | B92: Mastic Crack/Pothole Filler | C92: Mastic Crack/Pothole Filler - Marathon MM250DT | D92: Public Works | E92: 35-430-700 | F92: 78000 | G92: 74500 | H92: 0 | I92: 0 | J92: 0 | K92: N/A | L92: 0 | M92: 0 | N92: 0 | O92: 0 | V92: Public Works | W92: Derek Fuller | X92: Equipment | Z92: New Equipment | AA92: Liquid Fuels Fund
A93: =A92+1 -> 92 | B93: John Deere - Z-Turn Mower 960M | C93: John Deere - Z-Turn Mower 960M | D93: Public Works | E93: 01-436-700 | F93: 0 | G93: 0 | H93: 12500 | I93: 10771.04 | J93: 10771.04 | K93: 1 | L93: 0 | M93: 0 | N93: 0 | O93: 0 | V93: Public Works | W93: Derek Fuller | AA93: General Fund
A94: =A93+1 -> 93 | B94: 2026 - Large Dump Truck | C94: 310 - 2009 6-Whl Dump | D94: Public Works | E94: 35-430-700 | F94: 0 | G94: 0 | H94: 320000 | I94: 0 | J94: 320000 | K94: 0 | L94: 0 | M94: 0 | N94: 0 | O94: 0 | V94: Public Works | W94: Derek Fuller | AA94: Liquid Fuels Fund
A95: =A94+1 -> 94 | B95: 2026 - Wood Chipper | C95: 1995 Banit 250XP Wood Chipper | D95: Public Works | E95: 36-430-700 | F95: 0 | G95: 0 | H95: 78000 | I95: 62688.5 | J95: 62688.5 | K95: 0 | L95: 0 | M95: 0 | N95: 0 | O95: 0 | V95: Public Works | W95: Derek Fuller | AA95: Road Machinery Fund
A96: =A95+1 -> 95 | B96: 2028 - Replace TK-101 | C96: Replacement w/Trade in | D96: Public Works | E96: 01-430-700 | G96: 0 | H96: 0 | I96: 0 | J96: 0 | K96: N/A | L96: 0 | M96: 33000 | N96: 0 | O96: 0 | V96: Public Works | W96: Derek Fuller
A97: =A96+1 -> 96 | B97: 2029 - Boom Mower | C97: 2007 Boom Mower | D97: Public Works | E97: 36-430-700 | F97: 0 | G97: 0 | H97: 0 | I97: 0 | J97: 0 | K97: N/A | L97: 0 | M97: 0 | N97: 205000 | O97: 0 | V97: Public Works | W97: Derek Fuller | AA97: Liquid Fuels Fund
A98: =A97+1 -> 97 | B98: 2026 - Road Paving Program | C98: 2026 - Road Paving Program | D98: Public Works | E98: 42-430-700 | F98: 0 | G98: 0 | H98: 2000000 | I98: 1458382.4 | J98: 2000000 | K98: N/A | L98: 0 | M98: 0 | N98: 0 | O98: 0 | P98: Raise Millage to Maximum | V98: Public Works | W98: Derek Fuller | AA98: Roadway Improvement Fund
A99: =A98+1 -> 98 | B99: 2027 - Road Paving Program | C99: 2027 - Road Paving Program | D99: Public Works | E99: 42-430-700 | F99: 0 | G99: 0 | H99: 0 | I99: 0 | J99: 0 | K99: N/A | L99: 7000000 | M99: 0 | N99: 0 | O99: 0 | V99: Public Works | W99: Derek Fuller | AA99: Roadway Improvement Fund
A100: =A99+1 -> 99 | B100: 2028 - Road Paving Program | C100: 2028 - Road Paving Program | D100: Public Works | E100: 42-430-700 | F100: 0 | G100: 0 | H100: 0 | I100: 0 | J100: 0 | K100: N/A | L100: 0 | M100: 7000000 | N100: 0 | O100: 0 | V100: Public Works | W100: Derek Fuller | AA100: Roadway Improvement Fund
...

Sheet Fire 2025-2030
A1: # | B1: Project Name | C1: Project Description | D1: Project Category | E1: Account | F1: 2025 Budget | G1: 2025 Actuals | H1: 2026 Budget | I1: 2026 Actuals | J1: 2026 Projection | K1: 2027 Budget | L1: 2028 Budget | M1: 2029 Budget | N1: 2030 Budget | O1: Grant Name | P1: Account | Q1: Grant Status | R1: Grant Budget | S1: Grant Actuals | T1: Grant Projected | U1: Department | V1: Project Manager | W1: Asset Category | X1: Useful Life | Y1: Replace/New | Z1: Funding Source | AA1: Bid/RFP/Quote | AB1: Expected savings (cost) of project on operating ($) | AC1: Rationale for impact on operating | AD1: Notes
A12: Total | F12: =SUM(F2:F11) -> 0 | G12: =SUM(G2:G11) -> 0 | H12: =SUM(H2:H11) -> 0 | I12: =SUM(I2:I11) -> 0 | J12: =SUM(J2:J11) -> 0 | K12: =SUM(K2:K11) -> 0 | L12: =SUM(L2:L11) -> 0 | M12: =SUM(M2:M11) -> 0 | N12: =SUM(N2:N11) -> 0 | R12: =SUM(R2:R11) -> 0 | S12: =SUM(S2:S11) -> 0 | T12: =SUM(T2:T11) -> 0

Sheet Golf 2025-2030
A1: # | B1: Project Name | C1: Project Description | D1: Project Category | E1: Account | F1: 2025 Budget | G1: 2025 Actuals | H1: 2026 Budget | I1: 2026 Actuals | J1: 2026 Projection | K1: 2027 Budget | L1: 2028 Budget | M1: 2029 Budget | N1: 2030 Budget | O1: Grant Name | P1: Account | Q1: Grant Status | R1: Grant Budget | S1: Grant Actuals | T1: Grant Projected | U1: Department | V1: Project Manager | W1: Asset Category | X1: Useful Life | Y1: Replace/New | Z1: Funding Source | AA1: Bid/RFP/Quote | AB1: Expected savings (cost) of project on operating ($) | AC1: Rationale for impact on operating | AD1: Notes
A2: 1 | B2: Bar Renovation | C2: Bar Renovation | D2: Golf | E2: 15-452-700 | F2: 150000 | G2: 157959.64 | H2: 0 | I2: 0 | J2: 0 | K2: 0 | L2: 0 | M2: 0 | N2: 0 | U2: Golf | V2: Mike Attara | Y2: Replace | Z2: Golf Fund
A3: =A2+1 -> 2 | B3: Beverage Cart | C3: Beverage Cart | D3: Golf | E3: 15-452-700 | F3: 0 | G3: 8700 | H3: 0 | I3: 0 | J3: 0 | K3: 0 | L3: 0 | M3: 0 | N3: 0 | U3: Golf | V3: Mike Attara | Y3: Replace | Z3: Golf Fund
A4: =A3+1 -> 3 | B4: Bunker Reno | C4: Bunker Reno | D4: Golf | E4: 15-452-700 | F4: 25000 | G4: 16784.64 | H4: 0 | I4: 0 | J4: 0 | K4: 0 | L4: 0 | M4: 0 | N4: 0 | U4: Golf | V4: Mike Attara | Y4: Replace | Z4: Golf Fund
A5: =A4+1 -> 4 | B5: Cart Path Pavement Patching | C5: Cart Path Pavement Patching | D5: Golf | E5: 15-452-700 | F5: 0 | G5: 10028.81 | H5: 0 | I5: 17218 | J5: 17218 | K5: 0 | L5: 0 | M5: 0 | N5: 0 | U5: Golf | V5: Mike Attara | Y5: Maintenance
A6: =A5+1 -> 5 | B6: 9th hole pond lined and dredged | C6: Pond dredge and lined | D6: Golf | E6: 15-452-700 | F6: 0 | G6: 0 | H6: 0 | I6: 0 | J6: 0 | K6: 0 | M6: 0 | N6: 1000000 | U6: Golf | V6: Mike Attara | Y6: Replace | Z6: Golf Fund and Golf Capital
A7: =A6+1 -> 6 | B7: New well on 15 | C7: add a new well on hole 15 to tie to pond on 9 | D7: Golf | E7: 15-452-700 | F7: 0 | G7: 0 | H7: 100000 | I7: 0 | J7: 0 | K7: 150000 | L7: 0 | M7: 0 | N7: 0 | U7: Golf | V7: Mike Attara | Y7: New | Z7: Golf Fund and Golf Capital
A8: =A7+1 -> 7 | B8: Water service for pond | C8: eliminate sewer charges | D8: Golf | E8: 15-452-700 | F8: 0 | G8: 0 | H8: 150000 | I8: 6407 | J8: 170334.62 | K8: 0 | L8: 0 | M8: 0 | N8: 0 | U8: Golf | V8: Mike Attara | Y8: Replace | Z8: Golf Fund and Golf Capital
A9: =A8+1 -> 8 | B9: Bunker Reno | C9: Complete fairway bunkers | D9: Golf | E9: 15-452-700 | F9: 0 | G9: 0 | H9: 0 | I9: 0 | J9: 0 | L9: 0 | M9: 100000 | N9: 0 | U9: Golf | V9: Mike Attara | Z9: TBD
A10: =A9+1 -> 9 | B10: Driving Range Field Work | C10: Regrade the range | D10: Golf | E10: 15-452-700 | F10: 0 | G10: 0 | H10: 0 | I10: 0 | J10: 0 | K10: 0 | L10: 75000 | M10: 75000 | N10: 0 | U10: Golf | V10: Mike Attara | Z10: TBD
A11: =A10+1 -> 10 | B11: Cover the Tees | C11: Cover the range 6 stalls | D11: Golf | E11: 15-452-700 | F11: 0 | G11: 0 | H11: 0 | I11: 0 | J11: 0 | K11: 0 | L11: 200000 | M11: 0 | N11: 0 | U11: Golf | V11: Mike Attara | Z11: TBD
A12: =A11+1 -> 11 | B12: Deck Replacement | C12: Upgrade Deck to Composite | D12: Golf | E12: 15-452-700 | F12: 0 | G12: 0 | H12: 0 | I12: 0 | J12: 0 | K12: 250000 | L12: 0 | M12: 0 | N12: 0 | U12: Golf | V12: Mike Attara | Z12: TBD
A13: =A12+1 -> 12 | B13: Clubhouse improvements windows/paint/roof | C13: Update failing windows, paint and roof. | D13: Golf | E13: 15-452-700 | F13: 0 | G13: 0 | H13: 0 | K13: 80000 | L13: 100000 | M13: 50000 | N13: 0 | U13: Golf | V13: Mike Attara
A14: =A13+1 -> 13 | B14: Cart path improvements | C14: Cart path improvements annually | D14: Golf | E14: 15-452-700 | F14: 0 | G14: 0 | H14: 0 | K14: 0 | L14: 0 | M14: 0 | N14: 0 | U14: Golf | V14: Mike Attara
A15: Total | F15: =SUM(F2:F14) -> 175000 | G15: =SUM(G2:G14) -> 193473.09 | H15: =SUM(H2:H14) -> 250000 | I15: =SUM(I2:I14) -> 23625 | J15: =SUM(J2:J14) -> 187552.62 | K15: =SUM(K2:K14) -> 480000 | L15: =SUM(L2:L14) -> 375000 | M15: =SUM(M2:M14) -> 225000 | N15: =SUM(N2:N14) -> 1000000 | R15: =SUM(R2:R12) -> 0 | S15: =SUM(S2:S12) -> 0 | T15: =SUM(T2:T12) -> 0

Sheet IT 2025-2030
A1: # | B1: Project Name | C1: Project Description | D1: Project Category | E1: Account | F1: 2025 Budget | G1: 2025 Actuals | H1: 2026 Budget | I1: 2026 Actuals | J1: 2026 Projection | K1: 2027 Budget | L1: 2028 Budget | M1: 2029 Budget | N1: 2030 Budget | O1: Grant Name | P1: Account | Q1: Grant Status | R1: Grant Budget | S1: Grant Actuals | T1: Grant Projected | U1: Department | V1: Project Manager | W1: Asset Category | X1: Useful Life | Y1: Replace/New | Z1: Funding Source | AA1: Bid/RFP/Quote | AB1: Expected savings (cost) of project on operating ($) | AC1: Rationale for impact on operating | AD1: Notes
A2: 1 | B2: Computers | C2: Computers | D2: IT | E2: 19-407-700 | F2: 0 | G2: 74240.11 | H2: 0 | I2: 0 | J2: 0 | K2: 0 | L2: 0 | M2: 0 | N2: 0 | U2: IT | V2: ASK Technology | Z2: TBD
A3: 2 | B3: 2026 Server Project | C3: 2026 Server Project | D3: IT | E3: 19-407-700 | F3: 0 | G3: 0 | H3: 0 | I3: 223891.18 | J3: =I3 -> 223891.18 | K3: 0 | L3: 0 | M3: 0 | N3: 0 | U3: IT | V3: ASK Technology
A4: 3 | B4: 2027 IT Firewall, Switches, and Access Points - Admin Building | C4: 2027 IT Firewall, Switches, and Access Points | D4: IT | E4: 19-407-700 | F4: 0 | G4: 0 | H4: 0 | I4: 0 | J4: 0 | K4: =130830 -> 130830 | L4: 0 | M4: 0 | N4: 0 | U4: IT | V4: ASK Technology | Z4: Bond Fund and General Fund
A5: 4 | B5: 2027 IT Firewall, Switches, and Access Points - P&R | C5: 2027 IT Firewall, Switches, and Access Points - P&R | D5: IT | E5: 05-409-450 | F5: 0 | G5: 0 | H5: 0 | I5: 0 | J5: 0 | K5: 21960 | L5: 0 | M5: 0 | N5: 0
A6: 5 | B6: 2027 IT Firewall, Switches, and Access Points - Pool | C6: 2027 IT Firewall, Switches, and Access Points - P&R | D6: IT | E6: 09-452-450 | F6: 0 | G6: 0 | H6: 0 | I6: 0 | J6: 0 | K6: 32924.88 | L6: 0 | M6: 0 | N6: 0
A7: Total | F7: =SUM(F2:F6) -> 0 | G7: =SUM(G2:G6) -> 74240.11 | H7: =SUM(H2:H6) -> 0 | I7: =SUM(I2:I6) -> 223891.18 | J7: =SUM(J2:J6) -> 223891.18 | K7: =SUM(K2:K6) -> 185714.88 | L7: =SUM(L2:L6) -> 0 | M7: =SUM(M2:M6) -> 0 | N7: =SUM(N2:N6) -> 0 | R7: =SUM(R2:R6) -> 0 | S7: =SUM(S2:S6) -> 0 | T7: =SUM(T2:T6) -> 0

Sheet Open Space 2025-2030
A1: # | B1: Project Name | C1: Project Description | D1: Project Category | E1: Account | F1: 2025 Budget | G1: 2025 Actuals | H1: 2026 Budget | I1: 2026 Actuals | J1: 2026 Projection | K1: 2027 Budget | L1: 2028 Budget | M1: 2029 Budget | N1: 2030 Budget | O1: Grant Name | P1: Account | Q1: Grant Status | R1: Grant Budget | S1: Grant Actuals | T1: Grant Projected | U1: Department | V1: Project Manager | W1: Asset Category | X1: Useful Life | Y1: Replace/New | Z1: Funding Source | AA1: Bid/RFP/Quote | AB1: Expected savings (cost) of project on operating ($) | AC1: Rationale for impact on operating | AD1: Notes
A2: 1 | B2: Future Open Space Acquisition (1377 Woodside Road) | C2: Future Open Space Acquisition (1377 Woodside Road) | D2: Open Space | E2: 19-461-700 | F2: 0 | G2: 0 | H2: 0 | I2: 0 | J2: 0 | K2: 2737500 | L2: 0 | M2: 0 | N2: 0 | Z2: Bond Fund - $262,851.81/Remainder debt issued
A3: 2 | B3: Future Open Space Acquisition (Willard Family Properties) | C3: Future Open Space Acquisition (Willard Family Properties) | D3: Open Space | E3: 19-461-700 | F3: 0 | G3: 0 | H3: 0 | I3: 0 | J3: 0 | K3: 1180000 | L3: 0 | M3: 0 | N3: 0 | Z3: New Debt
A4: 3 | B4: Future Open Space Acquisition (Oxford Valley Road) | C4: Future Open Space Acquisition (Oxford Valley Road) | D4: Open Space | E4: 19-461-700 | F4: 0 | G4: 0 | H4: 0 | I4: 0 | J4: 0 | K4: 300000 | L4: 0 | M4: 0 | N4: 0 | Z4: New Debt
A5: 4 | B5: Future Open Space Acquisition (Big Oak Road) | C5: Future Open Space Acquisition (Big Oak Road) | D5: Open Space | E5: 19-461-700 | F5: 0 | G5: 0 | H5: 0 | I5: 0 | J5: 0 | K5: 2100000 | L5: 0 | M5: 0 | N5: 0 | Z5: New Debt
A6: Total | F6: =SUM(F2:F5) -> 0 | G6: =SUM(G2:G5) -> 0 | H6: =SUM(H2:H5) -> 0 | I6: =SUM(I2:I5) -> 0 | J6: =SUM(J2:J5) -> 0 | K6: =SUM(K2:K5) -> 6317500 | L6: =SUM(L2:L5) -> 0 | M6: =SUM(M2:M5) -> 0 | N6: =SUM(N2:N5) -> 0 | R6: =SUM(R2:R2) -> 0 | S6: =SUM(S2:S2) -> 0 | T6: =SUM(T2:T2) -> 0

Sheet Park and Rec-Pool 2025-2030
A1: # | B1: Project Name | C1: Project Description | D1: Project Category | E1: Account | F1: 2025 Budget | G1: 2025 Actuals | H1: 2026 Budget | I1: 2026 Actuals | J1: 2026 Projection | K1: 2027 Budget | L1: 2028 Budget | M1: 2029 Budget | N1: 2030 Budget | O1: Grant Name | P1: Account | Q1: Grant Status | R1: Grant Budget | S1: Grant Actuals | T1: Grant Projected | U1: Department | V1: Project Manager | W1: Asset Category | X1: Useful Life | Y1: Replace/New | Z1: Funding Source | AA1: Bid/RFP/Quote | AB1: Expected savings (cost) of project on operating ($) | AC1: Rationale for impact on operating | AD1: Notes
A2: 1 | B2: Basketball Mill and Pave P1/P2 | C2: Keystone Sports Construction Basketball Mill and Pave P1/P2 | D2: Park and Rec | E2: 06-454-700 | F2: 0 | G2: 42188.25 | H2: 0 | I2: 0 | J2: 0 | K2: 0 | L2: 0 | M2: 0 | N2: 0
A3: =A2+1 -> 2 | B3: Memorial Park Expansion Engineering | C3: Memorial Park Expansion Engineering | D3: Park and Rec | E3: 06-454-700 | F3: 1210000 | G3: 40690.25 | H3: 800000 | I3: =6421.3+2164.38+3030.12+7791.75+16962.16 -> 36369.71 | J3: =I3+24000 -> 60369.71 | K3: 0 | L3: 0 | M3: 0 | N3: 0 | O3: DCED Grant - Deadline Jun - 2026 - No Match | P3: 05-354-011 | Q3: Awarded | R3: 900000 | T3: 900000 | U3: Park and Recreation | V3: Derek Fuller | Y3: Replace | Z3: P&R Fee in Lieu of Fund | AD3: While the original budget was over the grant amount we are adjusting to try to keep the project under the no match DCED amount of $900,000
A4: =A3+1 -> 3 | B4: Memorial Park Expansion Construction | C4: Memorial Park Expansion Construction | D4: Park and Rec | E4: 05-454-700 | F4: 0 | G4: 0 | H4: 0 | I4: 0 | J4: 0 | K4: 822940.04 | L4: 0 | M4: 0 | N4: 0
A5: =A4+1 -> 4 | B5: Kids Kingdom Design | C5: Kids Kingdom Design | D5: Park and Rec | E5: 05-454-700 | F5: 120000 | G5: 0 | H5: 0 | I5: 0 | J5: 0 | K5: 0 | L5: 150000 | M5: 0 | N5: 0 | U5: Park and Recreation | V5: Derek Fuller | Y5: Replace | Z5: TBD
A6: =A5+1 -> 5 | B6: Trail Maintenance | C6: Trail Maintenance | D6: Park and Rec | E6: 06-454-700 | F6: 70000 | G6: 0 | H6: 0 | I6: 0 | J6: 0 | K6: 0 | L6: 0 | M6: 0 | N6: 0 | U6: Park and Recreation | V6: Monica Tierney | Y6: Replace | Z6: P&R Fee in Lieu of Fund
A7: =A6+1 -> 6 | B7: Cardinal Court Repair with Sound Barriers | C7: Cardinal Court Repair with Sound Barriers | D7: Park and Rec | E7: 06-454-700 | F7: 400000 | G7: 324418.68 | H7: 0 | I7: 26239.83 | J7: =I7 -> 26239.83 | K7: 0 | L7: 0 | M7: 0 | N7: 0 | U7: Park and Recreation | V7: Monica Tierney | Y7: Replace | Z7: P&R Fee in Lieu of Fund | AD7: Awaiting Ground Breaking (~8/4), CO No. 1 for BOS approval next meeting (Rebar added in curb).
A8: =A7+1 -> 7 | B8: Macclesfield Park Master Plan | C8: Macclesfield Park Master Plan | D8: Park and Rec | E8: 07-454-313 | F8: 0 | G8: 1766.7 | H8: 0 | I8: 0 | J8: 0 | K8: 0 | L8: 0 | M8: 0 | N8: 0
A9: =A8+1 -> 8 | B9: 5 Mile Woods Boardwalk Expansion - 2026 | C9: 5 Mile Woods Boardwalk Expansion - 2026 | D9: Park and Rec | E9: 05-454-700 | F9: 0 | G9: 0 | H9: 10000 | I9: 7446.66 | J9: 20000 | K9: 0 | L9: 0 | M9: 0 | N9: 0 | O9: PECO Green Region Grant - Deadline Dec - 2026 | P9: 05-354-011 | Q9: Awarded | R9: 10000 | S9: 10000 | T9: 10000 | U9: Park and Recreation | V9: Derek Fuller | Z9: Park and Recreation Fund | AD9: Getting quotes for materials
A10: =A9+1 -> 9 | B10: John Deere - Z-Turn Mower 960M | C10: Zero Turn Mower Replacement | D10: Park and Rec | E10: 05-454-700 | F10: 0 | G10: 0 | H10: 13000 | I10: 9771.04 | J10: =I10 -> 9771.04 | K10: 13000 | L10: 13000 | N10: 0 | U10: Park and Recreation | V10: Derek Fuller | Z10: Park and Recreation Fund
A11: =A10+1 -> 10 | B11: Revere Pickleball Park Court Replacement Design | C11: Revere Pickleball Park Court Replacement Design | D11: Park and Rec | E11: 06-454-700 | F11: 0 | G11: 0 | H11: 250000 | I11: =5875+20061.8+3500 -> 29436.8 | J11: 33750 | K11: 0 | L11: 0 | M11: 0 | N11: 0 | U11: Park and Recreation | V11: Derek Fuller | Z11: P&R Fee in Lieu of Fund
A12: =A11+1 -> 11 | B12: Revere Pickleball Park Court Replacement Construction | C12: Revere Pickleball Park Court Replacement Construction | D12: Park and Rec | E12: 05-454-700 | F12: 0 | G12: 0 | H12: 0 | I12: 0 | J12: 0 | K12: =436000*110% -> 479600 | L12: 0 | M12: 0 | N12: 0
A13: =A12+1 -> 12 | B13: Community Courts Replacement Project - Engineering/Design | C13: Community Courts Replacement Project - Engineering/Design | D13: Park and Rec | E13: 06-454-700 05-454-700 | F13: 0 | G13: 0 | H13: 25000 | I13: 0 | J13: 0 | K13: 40000 | L13: 0 | M13: 0 | N13: 0 | U13: Park and Recreation | V13: Derek Fuller | Z13: P&R Fee in Lieu of Fund
A14: =A13+1 -> 13 | B14: Heacock Medows (Cardinal/Finch) Basketball Court Replacement | C14: Heacock Medows (Cardinal/Finch) Basketball Court Replacement | D14: Park and Rec | E14: 05-454-700 | F14: 0 | G14: 0 | H14: 0 | I14: 0 | J14: 0 | K14: 0 | L14: 0 | M14: 170000 | N14: 0 | U14: Park and Recreation | V14: Derek Fuller | Z14: TBD
A15: =A14+1 -> 14 | B15: Memorial Park Basketball Court Minor Crack Repair | C15: Memorial Park Basketball Court Minor Crack Repair | D15: Park and Rec | E15: 05-454-700 | F15: 0 | G15: 0 | H15: 0 | I15: 0 | J15: 0 | K15: 0 | L15: 6000 | M15: 0 | N15: 0 | U15: Park and Recreation | V15: Derek Fuller | Z15: TBD
A16: =A15+1 -> 15 | B16: Heacock Medows (Cardinal/Finch) Pickleball/Tennis Court Minor Crack Repair | C16: Heacock Medows (Cardinal/Finch) Pickleball/Tennis Court Minor Crack Repair | D16: Park and Rec | E16: 05-454-700 | F16: 0 | G16: 0 | H16: 0 | I16: 0 | J16: 0 | K16: 0 | L16: 0 | M16: 6000 | N16: 0 | U16: Park and Recreation | V16: Derek Fuller | Z16: TBD
A17: =A16+1 -> 16 | B17: Schuyler Tennis Court Minor Crack Repair | C17: Schuyler Tennis Court Minor Crack Repair | D17: Park and Rec | E17: 05-454-700 | F17: 0 | G17: 0 | H17: 0 | I17: 0 | J17: 0 | K17: 0 | L17: 0 | M17: 6000 | N17: 0 | U17: Park and Recreation | V17: Derek Fuller | Z17: TBD
A18: =A17+1 -> 17 | B18: Kids Kingdom Playground Recontruction | C18: Reconstruction of Kids Kingdom Playground Including Bathroom Building Renovations | D18: Park and Rec | E18: 05-454-700 | F18: 0 | G18: 0 | H18: 0 | I18: 0 | J18: 0 | K18: 0 | L18: 0 | M18: 3500000 | N18: 0
A19: =A18+1 -> 18 | B19: Garden of Reflection Memorial Improvements | C19: 9/11 Lights, Benches, Walkway, Fountain | D19: Park and Rec | E19: 41-454-700 | F19: 0 | G19: 0 | H19: 1000000 | I19: 0 | J19: 0 | K19: 200000 | L19: 0 | M19: 0 | N19: 0 | O19: LSA Grant - Awarded $200,000 | P19: 40-357-011 | Q19: Awarded | R19: 200000 | U19: Park and Recreation | V19: Derek Fuller | Z19: Grant/Garden of Refelction Capital Fund
A20: =A19+1 -> 19 | B20: Cardinal Courts - Additional Pedestrian Access | C20: Installation of Additional Sidewalk & Necessary Steps | D20: Park and Rec | E20: 05-454-700 | F20: 0 | G20: 0 | H20: 0 | I20: 0 | J20: 0 | K20: 25000 | L20: 0 | M20: 0 | N20: 0
A21: =A20+1 -> 20 | B21: Bike Path Trail Maintenance Program | C21: Reoccuring Maintenance, Rehabilitation, Reconstruction of Existing Bike Path Network - Including ADA Enhancements at Curb Ramps | D21: Park and Rec | E21: 05-454-700 | F21: 0 | G21: 0 | H21: 0 | I21: 0 | J21: 0 | K21: 300000 | L21: 350000 | M21: 350000 | N21: 400000
A22: =A21+1 -> 21 | B22: Macclesfield Park LED Field Lighting Upgrades | C22: Macclesfield Park LED Lighting Ugrades - Update Exisiting System to LEDs & New Controllers for all Existing Field Lights | D22: Park and Rec | E22: 05-454-700 | F22: 0 | G22: 0 | H22: 0 | I22: 0 | J22: 0 | K22: 0 | L22: 2000000 | M22: 0 | N22: 0
A23: =A22+1 -> 22 | B23: Macclesfield Park Baseball Field Rehabilitations | C23: Macclesfield Park Baseball Field Rehabiliation - Fencing, Dugouts, Infields | D23: Park and Rec | E23: 05-454-700 | F23: 0 | G23: 0 | H23: 0 | I23: 0 | J23: 0 | K23: 0 | L23: 100000 | M23: 0 | N23: 0
A24: =A23+1 -> 23 | B24: Community Courts Replacement Project - Construction | C24: Community Courts Complete Rehabilitation Project - Construction | D24: Park and Rec | E24: 05-454-700 | F24: 0 | G24: 0 | H24: 0 | I24: 0 | J24: 0 | K24: 0 | L24: 600000 | M24: 0 | N24: 0
A25: =A24+1 -> 24 | B25: Community Park LED Field Lighting Upgrades | C25: Community Park LED Lighting Ugrades - Update Exisiting System to LEDs & New Controllers for Softball, Tennis/Pickleball, Basketball | D25: Park and Rec | E25: 05-454-700 | F25: 0 | G25: 0 | H25: 0 | I25: 0 | J25: 0 | K25: 0 | L25: 245000 | M25: 0 | N25: 0
A26: =A25+1 -> 25 | B26: John Deere - Wide Area Mower 1300 - Replacement | C26: John Deere - Wide Area Mower 1300 - Replacing Existing 2018 WAM (Lease 20 Payments) | D26: Park and Rec | E26: 05-454-700 | F26: 0 | G26: 0 | H26: 0 | I26: 0 | J26: 0 | K26: 0 | L26: 28000 | M26: 28000 | N26: 28000
A27: =A26+1 -> 26 | B27: Field Tractor Replacement | C27: Replacement of Existing 2003 Field Tractor | D27: Park and Rec | E27: 05-454-700 | F27: 0 | G27: 0 | H27: 0 | I27: 0 | J27: 0 | K27: 0 | L27: 0 | M27: 90000 | N27: 0
A28: =A27+1 -> 27 | B28: Schuyler Courts Minor Crack Repair | C28: Schuyler Courts Minor Crack Repair | D28: Park and Rec | E28: 05-454-700 | F28: 0 | G28: 0 | H28: 0 | I28: 0 | J28: 0 | K28: 0 | L28: 0 | M28: 6000 | N28: 0
A29: =A28+1 -> 28 | B29: Dog Park Fence Replacement | C29: Replacement of Perimeter Fencing at Dog Park | D29: Park and Rec | E29: 05-454-700 | F29: 0 | G29: 0 | H29: 0 | I29: 0 | J29: 0 | K29: 0 | L29: 0 | M29: 0 | N29: 55000
A30: =A29+1 -> 29 | B30: Cardinal Courts Minor Crack Repair | C30: Cardinal Courts Minor Crack Repair | D30: Park and Rec | E30: 05-454-700 | F30: 0 | G30: 0 | H30: 0 | I30: 0 | J30: 0 | K30: 0 | L30: 0 | M30: 0 | N30: 6000
A31: =A30+1 -> 30 | B31: Pool Security Cameras | C31: Replace 1 set of Pool Security Cameras | D31: Pool | E31: 09-452-700 | F31: 14000 | G31: 19762.1 | H31: 0 | I31: 0 | J31: 0 | K31: 0 | L31: 0 | M31: 0 | N31: 0 | O31: DVPLT and DVWCT Grants | P31: 09-357-011 | Q31: Awarded | R31: 5762.11 | S31: 5762.11 | T31: 5762.11 | U31: Park and Recreation | V31: Monica Tierney | Y31: Replace | Z31: Grant/Pool
A32: =A31+1 -> 31 | B32: Pool Filter Replacement | C32: Replace oldest pool filter from 1981 | D32: Pool | E32: 06-454-700 | F32: 120000 | G32: 84017.46 | H32: 0 | I32: 0 | J32: 0 | K32: 0 | L32: 0 | M32: 0 | N32: 0 | U32: Park and Recreation | V32: Monica Tierney | X32: 22 Years | Y32: Replace | Z32: P&R Fee in Lieu of Fund
A33: =A32+1 -> 32 | B33: Pool Heater Replacement | C33: Pool Heater Replacement | D33: Pool | E33: 06-454-700 | F33: 20000 | G33: 23455 | H33: 0 | I33: 0 | J33: 0 | K33: 0 | L33: 0 | M33: 0 | N33: 0 | U33: Park and Recreation | V33: Monica Tierney | Y33: Replace | Z33: P&R Fee in Lieu of Fund
A34: =A33+1 -> 33 | B34: Pool Heater Replacements | C34: Baby Pool | D34: Pool | E34: 06-454-700 | F34: 0 | G34: 0 | H34: 9365 | I34: 7860 | J34: 7860 | K34: 0 | L34: 0 | M34: 0 | N34: 0 | U34: Park and Recreation | V34: Lynn Todd/Derek Fuller | Z34: TBD
A35: =A34+1 -> 34 | B35: Pool Heater Replacements | C35: Olympic | D35: Pool | E35: 09-452-700 | F35: 0 | G35: 0 | H35: 0 | I35: 0 | J35: 0 | K35: 53000 | L35: 0 | M35: 0 | N35: 0 | U35: Park and Recreation | V35: Lynn Todd/Derek Fuller | Z35: TBD
A36: =A35+1 -> 35 | B36: Pool Slide Replacement/Upgrade Project | C36: Evaluatation and Replacement/Upgrades to Pool Slides (Multi-Year Project) | D36: Pool | E36: 09-452-700 | F36: 0 | G36: 0 | H36: 0 | I36: 0 | J36: 0 | K36: 0 | L36: 150000 | M36: 350000 | N36: 0 | U36: Park and Recreation | V36: Lynn Todd/Derek Fuller | Z36: TBD
A37: =A36+1 -> 36 | B37: Pool Diving Board - Spring Board Replacement | C37: Replacement of the Existing Spring Board Diving Board | D37: Pool | E37: 09-452-700 | F37: 0 | G37: 0 | H37: 0 | I37: 0 | J37: 0 | K37: 8000 | L37: 0 | M37: 0 | N37: 0
A38: =A37+1 -> 37 | B38: Pool Sewer Pump Station Upgrades | C38: Upgrades & Repairs to Sewage Pump Station at the Pool | D38: Pool | E38: 09-452-700 | F38: 0 | G38: 0 | H38: 0 | I38: 0 | J38: 0 | K38: 25000 | L38: 0 | M38: 0 | N38: 0
A39: =A38+1 -> 38 | B39: Pool ADA Pool Access Lift Replacements | C39: Replacement of 2x Exising ADA Chair Lifts | D39: Pool | E39: 09-452-700 | F39: 0 | G39: 0 | H39: 0 | I39: 0 | J39: 0 | K39: 0 | L39: 16500 | M39: 0 | N39: 0
A40: =A39+1 -> 39 | B40: Pool Building Facility Upgrades - Design & Reconstruction Project | C40: Design & Reconstruction of the Restroom's and Pool Facility Buildings Including ADA Improvements, Roofing, HVAC | D40: Pool | E40: 09-452-700 | F40: 0 | G40: 0 | H40: 0 | I40: 0 | J40: 0 | K40: 0 | L40: 1500000 | M40: 0 | N40: 0
A41: =A40+1 -> 40 | B41: Pool & Community Park Parking Lot Repaving | C41: Repaving of Existing Parking Lot (Stormwater Management Improvements?) | D41: Park and Rec/Pool | E41: 05-454-700 09-452-700 | F41: 0 | G41: 0 | H41: 0 | I41: 0 | J41: 0 | K41: 0 | M41: 1250000 | N41: 0
A42: Total | F42: =SUM(F2:F41) -> 1954000 | G42: =SUM(G2:G41) -> 536298.44 | H42: =SUM(H2:H41) -> 2107365 | I42: =SUM(I2:I41) -> 117124.04 | J42: =SUM(J2:J41) -> 157990.58 | K42: =SUM(K2:K41) -> 1966540 | L42: =SUM(L2:L41) -> 5158500 | M42: =SUM(M2:M41) -> 5756000 | N42: =SUM(N2:N41) -> 489000 | R42: =SUM(R2:R41) -> 1115762.1 | S42: =SUM(S2:S41) -> 15762.11 | T42: =SUM(T2:T41) -> 915762.11

Sheet Patterson Farm 2025-2030
A1: # | B1: Project Name | C1: Project Description | D1: Project Category | E1: Account | F1: 2025 Budget | G1: 2025 Actuals | H1: 2026 Budget | I1: 2026 Actuals | J1: 2026 Projection | K1: 2027 Budget | L1: 2028 Budget | M1: 2029 Budget | N1: 2030 Budget | O1: Grant Name | P1: Account | Q1: Grant Status | R1: Grant Budget | S1: Grant Actuals | T1: Grant Projected | U1: Department | V1: Project Manager | W1: Asset Category | X1: Useful Life | Y1: Replace/New | Z1: Funding Source | AA1: Bid/RFP/Quote | AB1: Expected savings (cost) of project on operating ($) | AC1: Rationale for impact on operating | AD1: Notes
A2: 1 | B2: Patterson Farm Building Improvements | C2: Patterson Farm Building Improvements | D2: Patterson Farm | E2: 45-461-700 | F2: 522080 | G2: 22974 | H2: 500545 | I2: 0 | J2: 0 | K2: 0 | L2: 0 | M2: 0 | N2: 0 | U2: Patterson Farm | V2: Derek Fuller | Z2: 2016 Bond/Patterson Farm Fund
A3: =A2+1 -> 2 | B3: Patterson Farm Painting | C3: Patterson Farm Painting | D3: Patterson Farm | E3: 45-461-700 | F3: 177920 | G3: 177945 | H3: 0 | I3: 0 | J3: 76536 | K3: 0 | L3: 0 | M3: 0 | N3: 0 | U3: Patterson Farm | V3: Derek Fuller | Z3: 2016 Bond/Patterson Farm Fund
A4: =A3+1 -> 3 | B4: Phase 2 ESA - Engineering/Design/Testing/Removal | C4: Phase 2 ESA - Engineering/Design/Testing/Removal | D4: Patterson Farm | E4: 45-461-700 | F4: 0 | G4: 0 | H4: 0 | I4: 0 | J4: 0 | K4: =90000+35000 -> 125000 | L4: 0 | M4: 0 | N4: 0
A5: =A4+1 -> 4 | B5: Patterson Farm Improvement - LSA Grant Design | C5: Patterson Farm Improvement - LSA Grant Design | D5: Patterson Farm | E5: 45-461-700 | F5: 0 | G5: 0 | H5: 0 | I5: 0 | J5: 0 | K5: 99000 | L5: 0 | M5: 0 | N5: 0 | O5: LSA | Q5: Awarded | R5: 860000
A6: =A5+1 -> 5 | B6: Patterson Farm Improvements - LSA Grant Construction | C6: Patterson Farm Improvements - LSA Grant Construction | D6: Patterson Farm | E6: 45-461-700 | F6: 0 | G6: 0 | H6: 0 | I6: 0 | J6: 0 | K6: =774000+284545 -> 1058545 | L6: 0 | M6: 0 | N6: 0
A7: Total | F7: =SUM(F2:F6) -> 700000 | G7: =SUM(G2:G6) -> 200919 | H7: =SUM(H2:H6) -> 500545 | I7: =SUM(I2:I6) -> 0 | J7: =SUM(J2:J6) -> 76536 | K7: =SUM(K2:K6) -> 1282545 | L7: =SUM(L2:L6) -> 0 | M7: =SUM(M2:M6) -> 0 | N7: =SUM(N2:N6) -> 0 | R7: =SUM(R2:R3) -> 0 | S7: =SUM(S2:S3) -> 0 | T7: =SUM(T2:T3) -> 0

Sheet Planning and Zoning 2025-2030
A1: # | B1: Project Name | C1: Project Description | D1: Project Category | E1: Account | F1: 2025 Budget | G1: 2025 Actuals | H1: 2026 Budget | I1: 2026 Actuals | J1: 2026 Projection | K1: 2027 Budget | L1: 2028 Budget | M1: 2029 Budget | N1: 2030 Budget | O1: Grant Name | P1: Account | Q1: Grant Status | R1: Grant Budget | S1: Grant Actuals | T1: Grant Projected | U1: Department | V1: Project Manager | W1: Asset Category | X1: Useful Life | Y1: Replace/New | Z1: Funding Source | AA1: Bid/RFP/Quote | AB1: Expected savings (cost) of project on operating ($) | AC1: Rationale for impact on operating | AD1: Notes
A2: 1 | B2: 1425 River Road | C2: House Elevation Project | D2: Planning and Zoning | E2: 01-414-700 | F2: 0 | G2: 0 | H2: 0 | I2: 0 | J2: 0 | K2: 400000 | L2: 0 | M2: 0 | N2: 0 | O2: FEMA Flood Mitigation Assistant | P2: 01-351-121 | Q2: Applied | R2: 400000 | U2: Planning and Zoning | V2: Dan McCloone | W2: N/A | X2: N/A | Y2: N/A | Z2: Grant | AA2: Bid | AB2: N/A | AC2: A private stormwater flood mitigation project. A wash for the township.
A3: Total | F3: =SUM(F2:F2) -> 0 | G3: =SUM(G2:G2) -> 0 | H3: =SUM(H2:H2) -> 0 | I3: =SUM(I2:I2) -> 0 | J3: =SUM(J2:J2) -> 0 | K3: =SUM(K2:K2) -> 400000 | L3: =SUM(L2:L2) -> 0 | M3: =SUM(M2:M2) -> 0 | N3: =SUM(N2:N2) -> 0 | R3: =SUM(R2:R2) -> 400000 | S3: =SUM(S2:S2) -> 0 | T3: =SUM(T2:T2) -> 0

Sheet Police 2025-2030
A1: # | B1: Project Name | C1: Project Description | D1: Project Category | E1: Account | F1: 2025 Budget | G1: 2025 Actuals | H1: 2026 Budget | I1: 2026 Actuals | J1: 2026 Projection | K1: 2027 Budget | L1: 2028 Budget | M1: 2029 Budget | N1: 2030 Budget | O1: Grant Name | P1: Account | Q1: Grant Status | R1: Grant Budget | S1: Grant Actuals | T1: Grant Projected | U1: Department | V1: Project Manager | W1: Asset Category | X1: Useful Life | Y1: Replace/New | Z1: Funding Source | AA1: Bid/RFP/Quote | AB1: Expected savings (cost) of project on operating ($) | AC1: Rationale for impact on operating | AD1: Notes
A2: 1 | B2: Handgun Replacement and Ammunition | C2: Replace and Upgrade Duty Weapons on regular interval | D2: Police | E2: 19-410-700 | F2: 0 | G2: 0 | H2: 56581 | I2: 0 | J2: 0 | K2: 0 | L2: 0 | M2: 0 | N2: 0 | O2: $12,000 and $44,581 Donation | P2: Foundation | Q2: Donation | R2: 56581 | S2: 56581 | T2: 56581 | U2: Police | V2: Hilghman | W2: Equipment | X2: 6-10 years | Y2: Replace | Z2: Donation | AA2: Quote | AB2: After application of donation and sell back, total is $34,814 | AC2: Equipment necessary for patrol Change to 9mm with Pistol Mounted optic with greater accuracy. | AD2: Ended up donating to the foundation and paying out of the foundation
A3: =A2+1 -> 2 | B3: 2026 - 2 Explorers Upfitted, 1 Tahoe Uplifted, No Lease Term Ends | C3: 2026 - 3 Explorers Upfitted, No Lease Term Ends | D3: Police | E3: 01-410-700 | F3: 0 | G3: 0 | H3: =124640-H4 -> 92640 | I3: 64692 | J3: 86256 | K3: 86256 | L3: 86256 | M3: 0 | N3: 0 | U3: Police | V3: Hilghman | W3: Cars | Z3: General Fund
A4: =A3+1 -> 3 | B4: 2026 - 4 CID Upfits | C4: 2026 - 5 CID Upfits | D4: Police | E4: 01-410-700 | F4: 0 | G4: 0 | H4: 32000 | I4: 0 | J4: 18336.2 | K4: 0 | L4: 0 | M4: 0 | N4: 0
A5: =A4+1 -> 4 | B5: 2027 - 3 Explorers Upfitted (K9), 1 Tahoe Upfitted, 7 lease terminations & 4 Cmd Upfits | C5: 2027 - 4 Explorers Upfitted (K9), 7 lease terminations | D5: Police | E5: 01-410-700 | F5: 0 | G5: 0 | H5: 0 | I5: 0 | J5: 0 | K5: =175278+61000 -> 236278 | L5: 129600 | M5: 129600 | N5: 0 | O5: Applied for PCCD grant which if approved, would provide funding for MDTs $61,000 | P5: 01-354-020 | Q5: Pending - Decision December 2026 | R5: 63000 | U5: Police | V5: Hilghman | Z5: General Fund
A6: =A5+1 -> 5 | B6: 2027 - LIVESCAN (Fingerprinting) Mandatory Upgrade | C6: Replace LIVESCAN Fingerprint Unit due to end of service life | D6: Police | E6: 01-410-260 | F6: 0 | G6: 0 | H6: 0 | I6: 0 | J6: 0 | K6: 12275 | L6: 0 | M6: 0 | N6: 0 | U6: Police | V6: Omlor | W6: Equipment | X6: 6-10 years | Y6: Replace | Z6: General Fund/Booking Fees | AC6: Necessary to continue booking center operation
A7: =A6+1 -> 6 | B7: Surveillance Camera System Replacement - Police HQ | C7: Replace aging surveillance system at Police HQ and exterior of Admin Bldg | D7: Police | E7: 01-410-450 | F7: 0 | G7: 0 | H7: 0 | I7: 0 | J7: 0 | K7: 45000 | L7: 25000 | M7: 15000 | N7: 10000 | U7: Police | V7: Omlor | W7: Contracted Service | X7: 6 -10 years | Y7: Replace | Z7: General Fund | AC7: Existing system near end of service life/old technology
A8: =A7+1 -> 7 | B8: 2027 - Speed Sign/Message Board Upgrade/Replacement | C8: Replace aging speed sign with upgraded, enhanced model | D8: Police | E8: 01-410-260 | F8: 0 | G8: 0 | H8: 0 | I8: 0 | J8: 0 | K8: 19000 | L8: 0 | M8: 0 | N8: 0 | U8: Police | V8: Omlor | W8: Equipment | X8: 10 years | Y8: Replace | Z8: General Fund | AC8: Existing equipment near end of life; new equipment increases/enhances capability
A9: =A8+1 -> 8 | B9: Police Radio Upgrade | C9: Police Radio Upgrade | D9: Police | E9: 19-410-700 | F9: 0 | G9: 0 | H9: 0 | I9: 0 | J9: 0 | K9: 360000 | L9: 0 | M9: 0 | N9: 0 | O9: Applied for PCCD grant which if approved, would provide funding for 21 portable radios at $184,086 | P9: 19-354-020 | Q9: Pending - Decision December 2026 | R9: 184086 | U9: Police | V9: Reeves | W9: Communication | X9: 15-20 years | Y9: Replace | Z9: Special Projects Fund and Bond Fund | AC9: Current equipment is end of service life and without support
A10: =A9+1 -> 9 | B10: 2028 - Rifle Replacement | C10: 21 Rifles | D10: Police | E10: 01-410-191 | F10: 0 | G10: 0 | H10: 0 | I10: 0 | J10: 0 | K10: 0 | L10: 22100 | M10: 0 | N10: 0 | U10: Police | V10: Hilghman | Z10: General Fund
A11: =A10+1 -> 10 | B11: 2028 - 3 Explorers Upfitted, 6 Leases Terminated | C11: 2028 - 3 Explorers Upfitted, 6 Leases Terminated | D11: Police | E11: 01-410-700 | F11: 0 | G11: 0 | H11: 0 | I11: 0 | J11: 0 | K11: 0 | L11: 121275.5 | M11: 104000 | N11: 10400 | U11: Police | V11: Hilghman | Z11: General Fund
A12: =A11+1 -> 11 | B12: 2029 - 3 Explorers Upfitted, 2 Leases Terminated | C12: 2029 - 3 Explorers Upfitted, 2 Leases Terminated | D12: Police | E12: 01-410-700 | F12: 0 | G12: 0 | H12: 0 | I12: 0 | J12: 0 | K12: 0 | L12: 0 | M12: 120995.2 | N12: 111600 | U12: Police | V12: Hilghman | Z12: General Fund
A13: Total | F13: =SUM(F2:F12) -> 0 | G13: =SUM(G2:G12) -> 0 | H13: =SUM(H2:H12) -> 181221 | I13: =SUM(I2:I12) -> 64692 | J13: =SUM(J2:J12) -> 104592.2 | K13: =SUM(K2:K12) -> 758809 | L13: =SUM(L2:L12) -> 384231.5 | M13: =SUM(M2:M12) -> 369595.2 | N13: =SUM(N2:N12) -> 132000 | R13: =SUM(R2:R12) -> 303667 | S13: =SUM(S2:S12) -> 56581 | T13: =SUM(T2:T12) -> 56581

Sheet Public Works 2025-2030
A1: # | B1: Project Name | C1: Project Description | D1: Project Category | E1: Account | F1: 2025 Budget | G1: 2025 Actuals | H1: 2026 Budget | I1: 2026 Actuals | J1: 2026 Projection | K1: 2027 Budget | L1: 2028 Budget | M1: 2029 Budget | N1: 2030 Budget | O1: Grant Name | P1: Account | Q1: Grant Status | R1: Grant Budget | S1: Grant Actuals | T1: Grant Projected | U1: Department | V1: Project Manager | W1: Asset Category | X1: Useful Life | Y1: Replace/New | Z1: Funding Source | AA1: Bid/RFP/Quote | AB1: Expected savings (cost) of project on operating ($) | AC1: Rationale for impact on operating | AD1: Notes
A2: 1 | B2: Big Oak/Makefield Intersection Imprv | C2: ARLE Intersection | D2: Public Works | E2: 11-439-700 19-430-700 | F2: 260000 | G2: 31580 | H2: 500000 | I2: 335427.87 | J2: 504706 | K2: 0 | L2: 0 | M2: 0 | N2: 0 | O2: ARLE Grant | P2: 19-354-030 | Q2: Awarded | R2: 260000 | T2: 260000 | U2: Public Works | V2: Derek Fuller | Z2: Grant/Traffic Impact Fund/Special Projects Fund
A3: =A2+1 -> 2 | B3: Woodside Road Bike Path | C3: Woodside Road Bike Path | D3: Public Works | E3: 19-430-700 | F3: 204754 | G3: 15173.22 | H3: 180000 | I3: =93.5+6036.78+3450.25 -> 9580.53 | J3: 20000 | K3: 195000 | L3: 0 | M3: 0 | N3: 0 | U3: Public Works | V3: Derek Fuller | Z3: 2016 Bond/Special Projects Fund
A4: =A3+1 -> 3 | B4: Taylorsville Rd & Woodside Road | C4: Trail Connection Crossing Taylorsville Road | D4: Public Works | E4: 19-430-700 | F4: 306700 | G4: 52014.4 | H4: 250000 | I4: 0 | J4: 0 | K4: 275000 | L4: 0 | M4: 0 | N4: 0 | U4: Public Works | V4: Derek Fuller | Z4: 2016 Bond/Special Projects Fund | AD4: Design/Permitting with RVE - 90%
A5: =A4+1 -> 4 | B5: Big Oak/Pine Grove Intersection Imprv | C5: Big Oak/Pine Grove Intersection Imprv | D5: Public Works | E5: 19-430-700 | F5: 305320 | G5: 442489.25 | H5: 0 | I5: 0 | J5: 0 | K5: 0 | L5: 0 | M5: 0 | N5: 0 | O5: Green Light Go Grant | P5: 19-354-030 | Q5: Awarded | R5: 305320 | S5: 305320 | T5: 305320 | U5: Public Works | V5: Derek Fuller | Z5: 2016 Bond/Special Projects Fund
A6: =A5+1 -> 5 | B6: Taylorsville Road Curb and Sidewalk | C6: Taylorsville Road Curb and Sidewalk | D6: Public Works | E6: 19-430-700 | F6: 2503526 | G6: 0 | H6: 2503526 | I6: =34311.02+54931.56+1270.32+707.26+33057.36-540 -> 123737.52 | J6: 183737.52 | K6: =2503526+489352 -> 2992878 | L6: 0 | M6: 0 | N6: 0 | O6: DCED MTF Grant - June 30, 2028 final date for reimbursement, TSA Grant | P6: 19-354-030 | Q6: Awarded | R6: =1676616+1500000 -> 3176616 | T6: =1676616+1500000 -> 3176616 | U6: Public Works | V6: Derek Fuller | Z6: 2016 Bond/Special Projects Fund
A7: =A6+1 -> 6 | B7: Tub Grinder | C7: Tub Grinder - Morbark 1100 | D7: Public Works | E7: 19-430-700 | F7: 0 | G7: 659750 | H7: 0 | I7: 0 | J7: 0 | K7: 0 | L7: 0 | M7: 0 | N7: 0 | O7: Statewide Local Share Grant | P7: 19-354-030 | R7: 827390 | S7: 657183 | T7: 827390 | U7: Public Works | V7: Derek Fuller | Z7: 2016 Bond/Special Projects Fund
A8: =A7+1 -> 7 | B8: Excavator | C8: Excavator - Volvo EC140 | D8: Public Works | E8: 19-430-700 | F8: 0 | G8: 167640 | H8: 0 | I8: 0 | J8: 0 | K8: 0 | L8: 0 | M8: 0 | N8: 0 | U8: Public Works | V8: Derek Fuller | Z8: 2016 Bond/Special Projects Fund
A9: =A8+1 -> 8 | B9: 2025 - Road Paving Program | C9: 2025 - Road Paving Program | D9: Public Works | E9: 42-430-700 | F9: 2100000 | G9: 1548771.6 | H9: 0 | I9: =1976+68876.01+1489.05+1443.25+1309.03+2939.1+2493.8 -> 80526.24 | J9: =1976+68876.01+1489.05+1443.25+1309.03+2939.1+2493.8 -> 80526.24 | K9: 0 | L9: 0 | M9: 0 | N9: 0 | U9: Public Works | V9: Derek Fuller | Z9: Roadway Improvement Fund
A10: =A9+1 -> 9 | B10: John Deere - Z-Turn Mower 960M | C10: John Deere - Z-Turn Mower 960M | D10: Public Works | E10: 01-436-220 | F10: 12000 | G10: 9867.04 | H10: 0 | I10: =H10 -> 0 | J10: 0 | K10: 0 | L10: 0 | M10: 0 | N10: 0 | U10: Public Works | V10: Derek Fuller | W10: Equipment | Y10: Replace 2018 Hustler Z-Turn | Z10: General Fund
A11: =A10+1 -> 10 | B11: 2025 - Small Dump Truck | C11: Small Dump Truck (301) | D11: Public Works | E11: 35-430-700 | F11: 130000 | G11: 75032 | H11: 54458 | I11: 0 | J11: 54458 | K11: 0 | L11: 0 | M11: 0 | N11: 0 | U11: Public Works | V11: Derek Fuller | W11: Equipment | Y11: Replace Unit 301 - 2008 GMC 5500 Dump Truck | Z11: Liquid Fuels Fund
A12: =A11+1 -> 11 | B12: 2025 - Large Dump Truck | C12: Large Dump Truck (305) | D12: Public Works | E12: 35-430-700 | F12: 265000 | G12: 0 | H12: 136877 | I12: 128164.41 | J12: 136877 | K12: 0 | L12: 0 | M12: 0 | N12: 0 | U12: Public Works | V12: Derek Fuller | W12: Equipment | Y12: Replace Unit 305 - 2008 International 6-Wheel Dump | Z12: Liquid Fuels Fund
A13: =A12+1 -> 12 | B13: Mastic Crack/Pothole Filler | C13: Mastic Crack/Pothole Filler - Marathon MM250DT | D13: Public Works | E13: 35-430-700 | F13: 78000 | G13: 74500 | H13: 0 | I13: 0 | J13: 0 | K13: 0 | L13: 0 | M13: 0 | N13: 0 | U13: Public Works | V13: Derek Fuller | W13: Equipment | Y13: New Equipment | Z13: Liquid Fuels Fund
A14: =A13+1 -> 13 | B14: John Deere - Z-Turn Mower 960M | C14: John Deere - Z-Turn Mower 960M | D14: Public Works | E14: 01-436-700 | F14: 0 | G14: 0 | H14: 12500 | I14: 10771.04 | J14: 10771.04 | K14: 0 | L14: 0 | M14: 0 | N14: 0 | U14: Public Works | V14: Derek Fuller | Z14: General Fund
A15: =A14+1 -> 14 | B15: 2026 - Large Dump Truck | C15: 310 - 2009 6-Whl Dump | D15: Public Works | E15: 35-430-700 | F15: 0 | G15: 0 | H15: 320000 | I15: 0 | J15: 320000 | K15: 0 | L15: 0 | M15: 0 | N15: 0 | U15: Public Works | V15: Derek Fuller | Z15: Liquid Fuels Fund
A16: =A15+1 -> 15 | B16: 2026 - Wood Chipper | C16: 1995 Banit 250XP Wood Chipper | D16: Public Works | E16: 36-430-700 | F16: 0 | G16: 0 | H16: 78000 | I16: 62688.5 | J16: =62688.5 -> 62688.5 | K16: 0 | L16: 0 | M16: 0 | N16: 0 | U16: Public Works | V16: Derek Fuller | Z16: Road Machinery Fund
A17: =A16+1 -> 16 | B17: 2028 - Replace TK-101 | C17: Replacement w/Trade in | D17: Public Works | E17: 01-430-700 | G17: 0 | H17: 0 | I17: 0 | J17: 0 | K17: 0 | L17: 33000 | M17: 0 | N17: 0 | U17: Public Works | V17: Derek Fuller
A18: =A17+1 -> 17 | B18: 2029 - Boom Mower | C18: 2007 Boom Mower | D18: Public Works | E18: 36-430-700 | F18: 0 | G18: 0 | H18: 0 | I18: 0 | J18: 0 | K18: 0 | L18: 0 | M18: 205000 | N18: 0 | U18: Public Works | V18: Derek Fuller | Z18: Liquid Fuels Fund
A19: =A18+1 -> 18 | B19: 2026 - Road Paving Program | C19: 2026 - Road Paving Program | D19: Public Works | E19: 42-430-700 | F19: 0 | G19: 0 | H19: 2000000 | I19: =1538908.68-I9 -> 1458382.4 | J19: 2000000 | K19: 0 | L19: 0 | M19: 0 | N19: 0 | O19: Raise Millage to Maximum | U19: Public Works | V19: Derek Fuller | Z19: Roadway Improvement Fund
A20: =A19+1 -> 19 | B20: 2027 - Road Paving Program | C20: 2027 - Road Paving Program | D20: Public Works | E20: 42-430-700 | F20: 0 | G20: 0 | H20: 0 | I20: 0 | J20: 0 | K20: 7000000 | L20: 0 | M20: 0 | N20: 0 | U20: Public Works | V20: Derek Fuller | Z20: Roadway Improvement Fund
A21: =A20+1 -> 20 | B21: 2028 - Road Paving Program | C21: 2028 - Road Paving Program | D21: Public Works | E21: 42-430-700 | F21: 0 | G21: 0 | H21: 0 | I21: 0 | J21: 0 | K21: 0 | L21: 7000000 | M21: 0 | N21: 0 | U21: Public Works | V21: Derek Fuller | Z21: Roadway Improvement Fund
A22: =A21+1 -> 21 | B22: 2029 - Road Paving Program | C22: 2029 - Road Paving Program | D22: Public Works | E22: 42-430-700 | F22: 0 | G22: 0 | H22: 0 | I22: 0 | J22: 0 | K22: 0 | L22: 0 | M22: 2000000 | N22: 2000000 | U22: Public Works | V22: Derek Fuller | Z22: TBD
A23: =A22+1 -> 22 | B23: Township Complex - Rehabilitation | C23: Replaces Items 30-37 & 39-43 | D23: Public Works | E23: 19-409-700 | F23: 0 | G23: 0 | H23: 0 | I23: 0 | J23: 0 | K23: 0 | L23: 45000000 | M23: 0 | N23: 0 | U23: Public Works | V23: Derek Fuller
A24: =A23+1 -> 23 | B24: Township Building - Generator Replacement | C24: Township Building - Generator Replacement | D24: Public Works | E24: 19-409-700 | F24: 0 | G24: 0 | H24: 0 | I24: 0 | J24: 0 | K24: 0 | L24: 450000 | M24: 0 | N24: 0 | U24: Public Works | V24: Derek Fuller | Z24: TBD
A25: =A24+1 -> 24 | B25: Township Building - Admin HVAC Replacement | C25: Township Building - Admin HVAC Replacement | D25: Public Works | E25: 19-409-700 | F25: 0 | G25: 0 | H25: 0 | I25: 0 | J25: 0 | K25: 0 | L25: 65000 | M25: 0 | N25: 0 | U25: Public Works | V25: Derek Fuller | Z25: TBD
A26: =A25+1 -> 25 | B26: Township Building - Roof Replacement | C26: Township Building - Roof Replacement | D26: Public Works | E26: 19-409-700 | F26: 0 | G26: 0 | H26: 0 | I26: 0 | J26: 0 | K26: 0 | L26: 400000 | M26: 0 | N26: 0 | U26: Public Works | V26: Derek Fuller | Z26: TBD
A27: =A26+1 -> 26 | B27: Township Building - Access Control & Camera Upgrades | C27: Township Building - Access Control & Camera Upgrades | D27: Public Works | E27: 19-409-700 | F27: 0 | G27: 0 | H27: 0 | I27: 0 | J27: 0 | K27: 0 | L27: 100000 | M27: 0 | N27: 0 | U27: Public Works | V27: Derek Fuller | Z27: TBD
A28: =A27+1 -> 27 | B28: Township Building - Upgrades | C28: Township Building - Upgrades | D28: Public Works | E28: 19-409-700 | F28: 0 | G28: 0 | H28: 0 | I28: 0 | J28: 0 | K28: 0 | L28: 5000000 | M28: 0 | N28: 0 | U28: Public Works | V28: Derek Fuller | Z28: TBD
A29: =A28+1 -> 28 | B29: Township Building - Oil Tank Removal | C29: Township Building - Oil Tank Removal | D29: Public Works | E29: 19-409-700 | F29: 0 | G29: 0 | H29: 0 | I29: 0 | J29: 0 | K29: 0 | L29: 0 | M29: 25000 | N29: 0 | U29: Public Works | V29: Derek Fuller | Z29: TBD
A30: =A29+1 -> 29 | B30: Public Works - Garage Heater Replacement | C30: Public Works - Garage Heater Replacement | D30: Public Works | E30: 19-409-700 | F30: 0 | G30: 0 | H30: 0 | I30: 0 | J30: 0 | K30: 0 | L30: 75000 | M30: 0 | N30: 0 | U30: Public Works | V30: Derek Fuller | Z30: TBD
A31: =A30+1 -> 30 | B31: Public Works - Pole Barn Repairs | C31: Public Works - Pole Barn Repairs | D31: Public Works | E31: 19-409-700 | F31: 0 | G31: 0 | H31: 0 | I31: 0 | J31: 0 | K31: 0 | L31: 50000 | M31: 0 | N31: 0 | U31: Public Works | V31: Derek Fuller | Z31: TBD
A32: =A31+1 -> 31 | B32: Public Works - Garage Truck Lift Replacement | C32: Public Works - Garage Truck Lift Replacement - WE NEED THIS ASAP | D32: Public Works | E32: 19-409-700 | F32: 0 | G32: 0 | H32: 0 | I32: 0 | J32: 0 | K32: 0 | L32: 135000 | M32: 0 | N32: 0 | U32: Public Works | V32: Derek Fuller | Z32: TBD
A33: =A32+1 -> 32 | B33: Public Works - Garage Additional Bathroom/Locker | C33: Public Works - Garage Additional Bathroom/Locker | D33: Public Works | E33: 19-409-700 | F33: 0 | G33: 0 | H33: 0 | I33: 0 | J33: 0 | K33: 0 | L33: 1500000 | M33: 0 | N33: 0 | U33: Public Works | V33: Derek Fuller | Z33: TBD
A34: =A33+1 -> 33 | B34: Public Works - Garage Additional Heater Storage | C34: Public Works - Garage Additional Heater Storage | D34: Public Works | E34: 19-409-700 | F34: 0 | G34: 0 | H34: 0 | I34: 0 | J34: 0 | K34: 0 | L34: 0 | M34: 6500000 | N34: 0 | U34: Public Works | V34: Derek Fuller | Z34: TBD
A35: =A34+1 -> 34 | B35: Public Works - Additional Salt Dome | C35: Public Works - Additional Salt Dome | D35: Public Works | E35: 19-409-700 | F35: 0 | G35: 0 | H35: 0 | I35: 0 | J35: 0 | K35: 0 | L35: 0 | M35: 2000000 | N35: 0 | U35: Public Works | V35: Derek Fuller | Z35: TBD
... A47: =A46+1 -> 46 | B47: Leaf Collection Equipment - Unit is 2008 | C47: Leaf Collection Equipment - Unit is 2008 | D47: Public Works | E47: 01-427-700 | F47: 0 | G47: 0 | H47: 0 | I47: 0 | J47: 0 | K47: 0 | L47: 0 | M47: 0 | N47: 165000 | U47: Public Works | V47: Derek Fuller | Z47: TBD
A48: Total | F48: =SUM(F2:F47) -> 6165300 | G48: =SUM(G2:G47) -> 3076817.6 | H48: =SUM(H2:H47) -> 6185361 | I48: =SUM(I2:I47) -> 2209278.5 | J48: =SUM(J2:J47) -> 3373764.3 | K48: =SUM(K2:K47) -> 10462878 | L48: =SUM(L2:L47) -> 60521300 | M48: =SUM(M2:M47) -> 13040000 | N48: =SUM(N2:N47) -> 2360000 | R48: =SUM(R2:R47) -> 4569326 | S48: =SUM(S2:S47) -> 962503 | T48: =SUM(T2:T47) -> 4569326

Sheet Storms Sewer Drains 2025-2030
A1: # | B1: Project Name | C1: Project Description | D1: Project Category | E1: Account | F1: 2025 Budget | G1: 2025 Actuals | H1: 2026 Budget | I1: 2026 Actuals | J1: 2026 Projection | K1: 2027 Budget | L1: 2028 Budget | M1: 2029 Budget | N1: 2030 Budget | O1: Grant Name | P1: Account | Q1: Grant Status | R1: Grant Budget | S1: Grant Actuals | T1: Grant Projected | U1: Department | V1: Project Manager | W1: Asset Category | X1: Useful Life | Y1: Replace/New | Z1: Funding Source | AA1: Bid/RFP/Quote | AB1: Expected savings (cost) of project on operating ($) | AC1: Rationale for impact on operating | AD1: Notes
A2: 1 | B2: Highland Drive | C2: Highland Drive | D2: Storm Sewer Drains | E2: 19-436-700 | F2: 950000 | G2: 881136.89 | H2: 0 | I2: 184245.19 | J2: 184245.19 | K2: 0 | L2: 0 | M2: 0 | N2: 0 | O2: PA Small Water Grant | P2: 19-354-030 | R2: 147462 | S2: 147462 | T2: 147462 | U2: Public Works | V2: Derek Fuller | Z2: 2016 Bond/Special Projects Fund | AD2: Construction Awarded by BOS
A3: =A2+1 -> 2 | B3: PRP Project 1 Area D - Core Creek Water Shed | C3: PRP Project 1 Area D - Core Creek Water Shed | D3: Pollution Reduction Plan | E3: 33-446-700 | F3: 0 | G3: 0 | H3: 0 | I3: 0 | J3: 0 | K3: 406500 | L3: 0 | M3: 0 | N3: 0 | O3: Growing Greener Grant - PRP by Febuary 18, ,2027, January 24, 2028 | P3: 33-354-161 | R3: 174623 | S3: 0 | T3: 174623 | U3: Public Works | V3: Derek Fuller | Z3: 2016 Bond/Special Projects Fund
A4: =A3+1 -> 3 | B4: Stormwater PRP | C4: Stormwater PRP Design | D4: Storm Sewer Drains | E4: 33-446-700 | F4: 0 | G4: 0 | H4: 500000 | I4: 0 | J4: 465930.64 | K4: 0 | L4: 0 | M4: 0 | N4: 0 | R4: 0 | S4: 0 | T4: 0 | U4: Public Works | V4: Derek Fuller | Z4: 2016 Bond/Special Projects Fund
A5: Total | F5: =SUM(F2:F4) -> 950000 | G5: =SUM(G2:G4) -> 881136.89 | H5: =SUM(H2:H4) -> 500000 | I5: =SUM(I2:I4) -> 184245.19 | J5: =SUM(J2:J4) -> 650175.83 | K5: =SUM(K2:K4) -> 406500 | L5: =SUM(L2:L4) -> 0 | M5: =SUM(M2:M4) -> 0 | N5: =SUM(N2:N4) -> 0 | R5: =SUM(R2:R4) -> 322085 | S5: =SUM(S2:S4) -> 147462 | T5: =SUM(T2:T4) -> 322085

Sheet Vehicle with Monthly Payments
A1: # | B1: Vehicle | C1: Vehicle Description | D1: Project Category | E1: Account | F1: 2025 Budget | G1: 2025 Actuals | H1: 2026 Budget | I1: 2026 Actuals | J1: 2026 Projection | K1: 2027 Budget | L1: 2028 Budget | M1: 2029 Budget | N1: 2030 Budget
A2: 1 | B2: Tk 604 - Replacement | C2: Tk 604 - Replacing of 2011 GMC 2500 P/U w/Plow (Lease 20 Payments) | D2: Park and Rec | E2: 05-470-351 | F2: 9800 | G2: 14279.31 | H2: 19037.96 | I2: 14279.31 | J2: 19037.96 | K2: 19037.96 | L2: 19037.96 | M2: 9518.92 | N2: 0
A3: =A2+1 -> 2 | B3: Tk 602 - Replacement (Landscape/Stake Body) | C3: Tk 602 - Replacing 2006 Dump Truck w/Plow (Lease 20 Payments) | D3: Park and Rec | E3: 05-470-351 | F3: 15600 | G3: 27190.19 | H3: 27134.52 | I3: 13595.1 | J3: 27134.52 | K3: 27134.52 | L3: 27134.52 | M3: 27134.52 | N3: 0
A4: =A3+1 -> 3 | B4: Small Loader/Backhoe - 6E03 Replacement | C4: 6E03 - Replacing 2004 John Deere 4710 Loader/Backhoe (Lease 20 Payments) | D4: Park and Rec | E4: 05-470-351 | F4: 9800 | G4: 17661 | H4: 23549.12 | I4: 17661 | J4: 23549.12 | K4: 23549.12 | L4: 23549.12 | M4: 11774.62 | N4: 0
A5: =A4+1 -> 4 | B5: John Deere - Z-Turn Mower 960M | C5: John Deere - Z-Turn Mower 960M | D5: Park and Rec | E5: 05-470-351 | F5: 13000 | G5: 9867.04 | H5: 0 | I5: 0 | J5: 0 | K5: 0 | L5: 0 | M5: 0 | N5: 0
A6: =A5+1 -> 5 | B6: Equipment Attachments | C6: Equipment Attachments | D6: Park and Rec | E6: 05-470-351 | F6: 25000 | G6: 14529.25 | H6: 0 | I6: 0 | J6: 0 | K6: 0 | L6: 0 | M6: 0 | N6: 0
A7: =A6+1 -> 6 | B7: Golf Carts | C7: Golf Carts | D7: Park and Rec | E7: 05-470-351 | F7: 0 | G7: 11100 | H7: 0 | I7: 0 | J7: 0 | K7: 0 | L7: 0 | M7: 0 | N7: 0
A8: =A7+1 -> 7 | B8: Tk 600 - Replacement | C8: Tk 600 - Existing 2015 GMC 3500 Crew Cab P/U w/Plow & Cap (Lease 20 Payments) | D8: Park and Rec | E8: 05-470-351 | F8: 0 | G8: 0 | H8: 22500 | I8: 0 | J8: 20072 | K8: 26762 | L8: 26762 | M8: 26762 | N8: 26762
A9: =A8+1 -> 8 | B9: 2025 - P/U 3500 Crew Cab Pickup Truck (318) | C9: P/U - 3500 Crew Cab Pickup Truck Lease | D9: Public Works | E9: 36-430-351 | F9: 12300 | G9: 22181.47 | H9: 16400 | I9: 11090.72 | J9: 16400 | K9: 16400 | L9: 16400 | M9: 16400 | N9: 0
A10: =A9+1 -> 9 | B10: 2025 -Small Dump Truck (602) | C10: Small Dump Truck Lease (602) | D10: Public Works | E10: 36-430-351 | F10: 23017 | G10: 22181.47 | H10: 30689 | I10: 11090.74 | J10: 30689 | K10: 30689 | L10: 30689 | M10: 30689 | N10: 0
A11: =A10+1 -> 10 | B11: 2022 - 6-Wheel Dump Truck (311) | C11: 2022 - 6-Wheel Dump Truck (311) Lease | D11: Public Works | E11: 36-430-351 | F11: 15536.09 | G11: 13307.05 | H11: 0 | I11: 0 | J11: 0 | K11: 0 | L11: 0 | M11: 0 | N11: 0
A12: =A11+1 -> 11 | B12: 2023 - 6-Wheel Dump Truck (315) | C12: 2023 - 6-Wheel Dump Truck (315) Lease | D12: Public Works | E12: 36-430-351 | F12: 52790.84 | G12: 52790.84 | H12: 52790.84 | I12: 39593.13 | J12: 52790.84 | K12: 52790.84 | L12: 39593.13 | M12: 0 | N12: 0
A13: =A12+1 -> 12 | B13: 2024 - Small Dump (308) (1 Payments '24)* | C13: 2024 - Small Dump (308) (1 Payments '24) Lease | D13: Public Works | E13: 36-430-351 | F13: 26451.82 | G13: 26451.82 | H13: 26451.82 | I13: 26451.82 | J13: 26451.82 | K13: 26451.82 | L13: 13226 | M13: 0 | N13: 0
A14: =A13+1 -> 13 | B14: 2026 - P/U 3500 Crew Cab w/Utility & Plow | C14: 322 - 2011 P/U GMC Sierra 3500 Utility Body (3 of 20 '26) | D14: Public Works | E14: 36-430-351 | F14: 0 | G14: 0 | H14: 14700 | I14: 0 | J14: 14700 | K14: 19600 | L14: 19600 | M14: 19600 | N14: 0
... A17: =A16+1 -> 16 | B17: 2008 - Crack Sealer | C17: 1998 Craftco Crack Sealer (3 Payment '28) | D17: Public Works | E17: 36-430-351 | F17: 0 | G17: 0 | H17: 0 | I17: 0 | J17: 0 | K17: 0 | L17: 0 | M17: 0 | N17: 95000

Sheet Grants 
A1: Greenways Trail - 5 Mile Wood | B1: 45000

Sheet Stormwater 2025-2029
A1: # | B1: Project Name | C1: Project Description | D1: Priority | E1: Project Category | F1: 2025 | G1: 2026 | H1: 2027 | I1: 2028 | J1: 2029 | K1: Grant Name | L1: Grant Status | M1: Potential Grant Amount | N1: Department | O1: Project Manager | P1: Asset Type | Q1: Useful Life | R1: Replace/New | S1: Funding Source | T1: Bid/RFP/Quote | U1: Expected savings (cost) of project on operating ($) | V1: Rationale for impact on operating
A2: 1 | B2: Emergency Drainage Projects | C2: Emergency drainage improvement fund | D2: MC | E2: Storm Sewer & Drains | F2: 250000 | G2: 250000 | H2: 250000 | I2: 250000 | J2: 250000 | K2: No | N2: Remington Vernick | O2: Isaac Kessler | P2: Land Improvement | Q2: 50 | R2: Replace | S2: Capital Fund | T2: Bid | V2: Reduced liability and maintenance costs
A3: 2 | B3: Inlet Tops | C3: C-Top, M-Top, and Levittown-Tops | D3: MC | E3: Storm Sewer & Drains | F3: 40000 | G3: 40000 | H3: 40000 | I3: 40000 | J3: 40000 | K3: No | N3: Remington Vernick | O3: Isaac Kessler | P3: Land Improvement | Q3: 50
A4: 3 | B4: Reetz Avenue Culvert Replacement | C4: Storm sewer and drains | D4: MC | E4: Storm Sewer & Drains | F4: 500000 | K4: No | N4: Remington Vernick | O4: Isaac Kessler | P4: Land Improvement | Q4: 50 | R4: Replace | S4: Capital Fund | T4: Bid | V4: Reduced liability and maintenance costs
A5: 4 | B5: Langhorne Gables | C5: Storm sewer and drains | D5: MC | E5: Storm Sewer & Drains | F5: 1500000 | H5: 500000 | K5: PA H20/Flood Mitigation | L5: Earned | M5: 1244000 | N5: Remington Vernick | O5: Isaac Kessler | P5: Land Improvement | Q5: 50 | R5: Replace | S5: Capital Fund | T5: Bid | V5: Reduced liability and maintenance costs
A6: 5 | B6: Hillside Avenue | C6: Storm sewer and drains | E6: Storm Sewer & Drains | G6: 310000 | N6: Remington Vernick | O6: Isaac Kessler | P6: Land Improvement | Q6: 50 | R6: Replace | S6: Capital Fund | T6: Bid | V6: Reduced liability and maintenance costs
A7: 6 | B7: Richardson Avenue | C7: Storm sewer and drains | E7: Storm Sewer & Drains | G7: 275000 | K7: No | N7: Remington Vernick | O7: Isaac Kessler | P7: Land Improvement | Q7: 50 | R7: New | S7: Capital Fund | T7: Bid | V7: Reduced liability and maintenance costs
A8: 7 | B8: Playwicki Street Culvert Replacement | C8: Storm sewer and drains | E8: Storm Sewer & Drains | G8: 150000 | K8: No | N8: Remington Vernick | O8: Isaac Kessler | P8: Land Improvement | Q8: 50 | R8: New | S8: Capital Fund | T8: Bid | V8: Reduced liability and maintenance costs
A9: 8 | B9: MS4 Program | C9: Annual reporting and planning | D9: MC | E9: Storm Sewer & Drains | F9: 30000 | G9: 30000 | H9: 30000 | I9: 30000 | J9: 30000 | K9: No | N9: Remington Vernick | O9: Isaac Kessler | P9: Land Improvement | Q9: 50 | R9: Replace | S9: Capital Fund | T9: Bid | V9: Reduced liability and maintenance costs
A10: 9 | B10: Queen Anne Creek Streambank Restoration | C10: MS4 Project | E10: Storm Sewer & Drains | G10: 1100000 | H10: 1600000 | K10: WRPP&DEPGG | L10: Applied | M10: 600000
A11: 10 | B11: Neshaminy Creek Inlet Sediment Removal | C11: MS4 Project | E11: Storm Sewer & Drains | I11: 650000
A12: 11 | B12: Mill Creek Streambank Restoration | C12: MS4 Project | E12: Storm Sewer & Drains | I12: 1500000 | J12: 1500000
A13: 12 | B13: Queen Anne Creek Inlet Sediment Removal | C13: MS4 Project | E13: Storm Sewer & Drains | J13: 350000
F14: =SUM(F2:F13) -> 2320000 | G14: =SUM(G2:G13) -> 2155000 | H14: =SUM(H2:H13) -> 2420000 | I14: =SUM(I2:I13) -> 2470000 | J14: =SUM(J2:J13) -> 2170000

Sheet Sustainability 2025-2029
A1: # | B1: Project Name | C1: Project Description | D1: Priority | E1: Project Category | F1: 2025 | G1: 2026 | H1: 2027 | I1: 2028 | J1: 2029 | K1: Grant Name | L1: Grant Status | M1: Potential Grant Amount | N1: Department | O1: Project Manager | P1: Asset Type | Q1: Useful Life | R1: Replace/New | S1: Funding Source | T1: Bid/RFP/Quote | U1: Expected savings (cost) of project on operating ($) | V1: Rationale for impact on operating
A2: 1 | B2: Solar Panels | C2: Solar Panels at Community Park Barn | D2: MC | E2: Sustainability | F2: 200000 | K2: PECO Green Region | L2: Earned | M2: 10000 | N2: Administration | O2: Valla | P2: Building Improvement | Q2: 25 | R2: Replace/New | S2: Capital Fund | T2: App. Vendor | U2: 17500 | V2: Reduced energy consumption, PECO credit, SRECs
A3: 2 | B3: Solar Panels | C3: Solar Panels at DPW | E3: Sustainability | H3: 350000 | L3: Possible
A4: 3 | B4: Solar Panels | C4: Solar Panels at Senior Center (tandem with new roof) | E4: Sustainability | I4: 550000 | L4: Possible
A5: 4 | B5: Recycling Containers at Parks | C5: Recycling Containers at Parks | E5: Sustainability | H5: 50000 | L5: No | N5: Parks & Recreation | O5: Graham | P5: Land Improvement | Q5: 20 | R5: New | S5: Capital Fund | T5: Bid?
A6: 5 | B6: Weatherization | C6: Municipal Center weatherization assessment; improvements | E6: Sustainability | G6: 20000 | H6: 100000 | L6: Possible
A7: 6 | B7: EV Charging Stations | C7: Level 2 EV Station- 4 plugs/2 stations- COUNTRY CLUB | E7: Sustainability | H7: 60000 | K7: Driving PA Forward/PECO | L7: Rebate | N7: Administration | O7: Valla/Gartenmayer | P7: Equipment | Q7: 20 | R7: New | S7: Capital Fund | T7: App. Vendor | V7: Net zero- increased electric usage offset by revenue
A8: 7 | B8: EV Charging Stations | C8: Level 2 EV Station- 4 plugs/2 stations- COMM PARK | E8: Sustainability | I8: 80000 | K8: Driving PA Forward/PECO | L8: Rebate | N8: Administration | O8: Valla/Gartenmayer | P8: Equipment | Q8: 20 | R8: New | S8: Capital Fund | T8: App. Vendor | V8: Net zero- increased electric usage offset by revenue
A9: 8 | B9: EV Charging Stations | C9: Level 3 EV Station- 3 plugs/3 stations- COMM PARK | E9: Sustainability | J9: 550000 | K9: AFIG | L9: Possible | N9: Administration | O9: Valla/Gartenmayer | P9: Equipment | Q9: 20 | R9: New | S9: Capital Fund | T9: App. Vendor | V9: Net zero- increased electric usage offset by revenue
F10: =SUM(F2:F9) -> 200000 | G10: =SUM(G2:G9) -> 20000 | H10: =SUM(H3:H9) -> 560000 | I10: =SUM(I2:I9) -> 630000 | J10: =SUM(J2:J9) -> 550000 | M10: =SUM(M9:M9) -> 0

Sheet Transportation 2025-2029
A1: # | B1: Project Name | C1: Project Description | D1: Priority | E1: Project Category | F1: 2025 | G1: 2026 | H1: 2027 | I1: 2028 | J1: 2029 | K1: Grant Name | L1: Grant Status | M1: Potential Grant Amount | N1: Department | O1: Project Manager | P1: Asset Type | Q1: Useful Life | R1: Replace/New | S1: Funding Source | T1: Bid/RFP/Quote | U1: Expected savings (cost) of project on operating ($) | V1: Rationale for impact on operating | W1: Notes
A2: 1 | B2: ADA Curb Ramp Program | C2: Install handicap ramps throughout twp | E2: Transportation | F2: 200000 | G2: 200000 | H2: 200000 | I2: 200000 | J2: 200000 | K2: CDBG | L2: Will Apply | M2: 200000 | N2: B&Z/DPW | O2: Eric Gartenmeyer | P2: Land Improvement | Q2: 50 | R2: Replace | S2: Capital Fund | T2: Bid | V2: Reduced liability
A3: 2 | B3: Langhorne-Yardley Road Maple Point Crossing | C3: Maple Point Drive Crossing | D3: MC | E3: Transportation | F3: 250000 | K3: DCED Multimodal | L3: Earned | M3: 146283 | N3: Public Works | O3: Eric Gartenmeyer | P3: Equipment | Q3: 25 | R3: Replace | S3: Grants/Capital | T3: App. Vendor
A4: 3 | B4: School Zone Improvements | C4: Improve traffic controller and speed signs | D4: MC | E4: Transportation | F4: 500000 | K4: PenndDOT Multimodal | L4: Earned | M4: 300000 | N4: Public Works | O4: Eric Gartenmeyer | P4: Equipment | Q4: 25 | R4: Replace | S4: Capital Fund | T4: App. Vendor | V4: Reduced liability
A5: 4 | B5: Pedestrian Signal Equipment Upgrades | C5: Upgrade pedestrian signal technology along New Falls Rd and Woodbourne Rd corridors | E5: Transportation | F5: 265000 | K5: PennDOT ARLE | L5: Earned | M5: 229008
A6: 5 | B6: Turn Lane Addition | C6: Add turn lane to SB SR413 at Bridgetown Pike | E6: Transportation | H6: 50000
A7: 6 | B7: Maple Avenue/N. Flowers Mill Signal Improvements | C7: Improve signal technology at 6 intersections | E7: Transportation | F7: 175000 | K7: PennDOT Green Light Go | L7: Earned | M7: 138888 | N7: Public Works | O7: Nick Valla | P7: Equipment | Q7: 25 | R7: Replace | S7: Grants/Capital | T7: App. Vendor
A8: 7 | B8: S. Flowers Mill | C8: 25: Relocate flashing signal from LYR; 26: Study and 27: implement solution to low clearance rail bridge | E8: Transportation | F8: 65000 | G8: 35000 | H8: 135000 | L8: Possible
A9: 8 | B9: Traffic Preemption Replacement | C9: Fund to replace preemption devices | D9: MC | E9: Transportation | F9: 20000 | G9: 20000 | H9: 20000 | I9: 20000 | J9: 20000 | L9: No | N9: Public Works | O9: Eric Gartenmeyer | P9: Equipment | Q9: 25 | R9: Replace | S9: Grants/Capital | T9: Quote | V9: None
A10: 9 | B10: Signal Retiming | C10: Study 4 intersections/year and implement retiming if needed | E10: Transportation | F10: 25000 | G10: 25000 | H10: 25000 | I10: 25000 | J10: 25000 | L10: No
A11: 10 | B11: Traffic Signal Mast Arm Replacement | C11: MT-29 Trenton/Durham replace mast arms and foundations EB and WB Durham | E11: Transportation | F11: 70000 | L11: No | N11: Public Works | O11: Eric Gartenmeyer | P11: Land Improvement | Q11: 30 | R11: Replace | S11: Capital Fund | T11: App. Vendor | V11: Reduced maintenance cost and liability
A12: 11 | B12: Traffic Signal Mast Arm Replacement | C12: MT-3 Bus. 1/Woodbourne replace mast arms and foundations for NB and SB | E12: Transportation | G12: 135000 | L12: No | N12: Public Works | O12: Eric Gartenmeyer | P12: Land Improvement | Q12: 30 | R12: Replace | S12: Capital Fund | T12: App. Vendor | V12: Reduced maintenance cost and liability
A13: 12 | B13: Traffic Signal Mast Arm Replacement | C13: MT-4 Bus 1/Reedmans replace mast arm and foundation for Reedman approach | E13: Transportation | H13: 50000 | L13: No | N13: Public Works | O13: Eric Gartenmeyer | P13: Land Improvement | Q13: 30 | R13: Replace | S13: Capital Fund | T13: App. Vendor | V13: Reduced maintenance cost and liability
A14: 13 | B14: Traffic Signal Mast Arm Replacement | C14: MT-8 Bus 1/I-295 Ramps replace two mast arms and foundations | E14: Transportation | I14: 95000 | L14: No | N14: Public Works | O14: Eric Gartenmeyer | P14: Land Improvement | Q14: 30 | R14: Replace | S14: Capital Fund | T14: App. Vendor | V14: Reduced maintenance cost and liability
A15: 14 | B15: Traffic Signal Mast Arm Replacement | C15: MT-12 213/Woodbourne replace mast arm and foundation for NB 213 | E15: Transportation | J15: 75000 | L15: No | N15: Public Works | O15: Eric Gartenmeyer | P15: Land Improvement | Q15: 30 | R15: Replace | S15: Capital Fund | T15: App. Vendor | V15: Reduced maintenance cost and liability
A16: 15 | B16: Sidewalk Expansion | C16: Add sidewalks in Summit Trace Neighborhood (ROW + Construction) | E16: Transportation | H16: 100000 | I16: 600000 | L16: Possible
A17: 16 | B17: Sidewalk Expansion | C17: Add sidewalks on segements of Woodbourne Road (ROW + Construction) | H17: 100000 | J17: 1500000
A18: 17 | B18: Adaptive Signal System Expansion | C18: Continue implementation of adaptive signal system | E18: Transportation | H18: 300000 | I18: 300000 | J18: 300000 | L18: Possible
A19: 18 | B19: Bike Lanes | C19: Trenton Road (entire MT segment) | E19: Transportation | H19: 500000 | L19: Possible
A20: 19 | B20: Bike Lanes | C20: SR-413 (Business RT 1 to New Falls Rd) | E20: Transportation | I20: 500000 | L20: Possible
A21: 20 | B21: Bike Lanes | C21: Durham Road (Penndel to New Falls Rd) | E21: Transportation | J21: 500000 | L21: Possible
A22: 21 | B22: Sharrow Addition | C22: Add Sharrows to Old Lincoln Highway & Gillam | E22: Transportation | I22: 500000
F23: =SUM(F2:F22) -> 1570000 | G23: =SUM(G2:G22) -> 415000 | H23: =SUM(H2:H22) -> 1480000 | I23: =SUM(I2:I22) -> 2240000 | J23: =SUM(J2:J22) -> 2620000 | M23: =SUM(M2:M22) -> 1014179

Sheet Calculation
B1: 2025 | C1: Net of Big Grants | D1: Earned Grants | E1: Possible Grants | F1: Other Funds | G1: CAPITAL NET
A2: B&G | B2: 1544000 | C2: 248000 | E2: 150000 | G2: =C2-D2-E2-F2 -> 98000 | I2: =B18+B33 -> 1544000
A3: B&Z | B3: 30000 | C3: 30000 | D3: 7500 | G3: =C3-D3-E3-F3 -> 22500 | I3: =B19+B34 -> 30000
A4: Fire | B4: 60000 | C4: 60000 | E4: 18000 | G4: =C4-D4-E4-F4 -> 42000 | I4: =B20+B35 -> 60000
A5: IT | B5: 90000 | C5: 50000 | E5: 10000 | G5: =C5-D5-E5-F5 -> 40000 | I5: =B21+B36 -> 90000
A6: P&R | B6: 555000 | C6: 555000 | D6: 175000 | G6: =C6-D6-E6-F6 -> 380000 | I6: =B22+B37 -> 555000
A7: Police | B7: 664500 | C7: 664500 | E7: 409500 | G7: =C7-D7-E7-F7 -> 255000 | I7: =B23+B38 -> 664500
A8: DPW | B8: =4986000-8000 -> 4978000 | C8: =B8-3750000 -> 1228000 | E8: 155000 | F8: =500000+45000+6000+7500+30000 -> 588500 | G8: =C8-D8-E8-F8 -> 484500 | I8: =B24+B39 -> 4978000
A9: Stormwater | B9: 2320000 | C9: 2320000 | D9: 744000 | E9: 500000 | G9: =C9-D9-E9-F9 -> 1076000 | I9: =B25+B40 -> 2320000
A10: Sustainability | B10: 200000 | C10: 200000 | D10: 10000 | G10: =C10-D10-E10-F10 -> 190000 | I10: =B26+B41 -> 200000
A11: Transport. | B11: 1570000 | C11: 1570000 | D11: 814179 | E11: 400000 | G11: =C11-D11-E11-F11 -> 355821 | I11: =B27+B42 -> 1570000
B12: =SUM(B2:B11) -> 12011500 | C12: =SUM(C2:C11) -> 6925500 | D12: =SUM(D2:D11) -> 1750679 | E12: =SUM(E2:E11) -> 1642500 | F12: =SUM(F2:F11) -> 588500 | G12: =SUM(G2:G11) -> 2943821 | I12: =SUM(I2:I11) -> 12011500
C16: NO GRANTS | E16: EARNED GRANTS | H16: POSSIBLE/APPLIED FOR GRANTS
B17: Mission Critical TOTAL | C17: Mission Critical No Grants | D17: Due From Other Funds | E17: Grant-Funded Project Total | F17: Grant Share | G17: Twp Match Share | H17: Grant Contingent (Proj. Total) | I17: RDA | J17: Other Grant Share | K17: Twp Match Share
A18: B&G | B18: 50000 | H18: 50000 | J18: 50000 | L18: =C18+E18+H18 -> 50000 | O18: =B18/$B$28 -> 0.0096796051
A19: B&Z | B19: 0 | L19: =C19+E19+H19 -> 0 | O19: =B19/$B$28 -> 0
A20: Fire | B20: 25000 | C20: 25000 | L20: =C20+E20+H20 -> 25000 | O20: =B20/$B$28 -> 0.0048398025
A21: IT | B21: 40000 | C21: 40000 | L21: =C21+E21+H21 -> 40000 | N21: =B28-D24-F25-F26-F27-J18-J24-J25-J27-I23-I24 -> 1990717 | O21: =B21/$B$28 -> 0.0077436841
A22: P&R | B22: 220000 | L22: =C22+E22+H22 -> 0 | O22: =B22/$B$28 -> 0.042590262
A23: Police | B23: 664500 | C23: 255000 | H23: 409500 | I23: 409500 | L23: =C23+E23+H23 -> 664500 | O23: =B23/$B$28 -> 0.12864195
A24: DPW | B24: 876000 | C24: 61000 | D24: 575000 | H24: 240000 | I24: 115000 | J24: 125000 | L24: =C24+E24+H24+D24 -> 876000 | O24: =B24/$B$28 -> 0.16958668
A25: Stormwater | B25: 2320000 | C25: 820000 | E25: 744000 | F25: 744000 | G25: 0 | H25: 756000 | J25: 500000 | K25: 256000 | L25: =C25+E25+H25 -> 2320000 | O25: =B25/$B$28 -> 0.44913368
A26: Sustainability | B26: 200000 | E26: 200000 | F26: 10000 | G26: 190000 | L26: =C26+E26+H26 -> 200000 | O26: =B26/$B$28 -> 0.03871842
A27: Transport. | B27: 770000 | C27: 20000 | E27: 750000 | F27: 446283 | G27: 103717 | J27: 200000 | L27: =C27+E27+H27 -> 770000 | O27: =B27/$B$28 -> 0.14906592
B28: =SUM(B18:B27) -> 5165500 | L28: =C28+E28+H28 -> 0 | O28: =B28/$B$28 -> 1
M30: =B28-B25-D24-F26-F27 -> 1814217
C31: NO GRANTS | F31: EARNED GRANTS | I31: POSSIBLE/APPLIED FOR GRANTS
B32: NOT Mission Critical TOTAL | C32: NOT Mission Critical No Grants | D32: Due From Other Funds | E32: Grant-Funded Project Total | F32: Grant Share | G32: Twp Match Share | H32: Grant Contingent (Proj. Total) | I32: RDA | J32: Other Grant Share | K32: Twp Match Share
A33: B&G | B33: 1494000 | C33: 48000 | H33: 1446000 | I33: 150000 | J33: 1296000 | K33: 0 | L33: =C33+E33+H33 -> 1494000
A34: B&Z | B34: 30000 | E34: 30000 | F34: 7500 | G34: 22500 | L34: =C34+E34+H34 -> 30000
A35: Fire | B35: 35000 | C35: 17000 | H35: 18000 | J35: 18000 | L35: =C35+E35+H35 -> 35000 | N35: =B43-D39-F34-F37-F42 -> 6302104
A36: IT | B36: 50000 | H36: 50000 | J36: 50000 | L36: =C36+E36+H36 -> 50000 | N36: =N35-I33-I38-I39-J33-J35-J36-J39-J42 -> 545604
A37: P&R | B37: 335000 | C37: 135000 | E37: 200000 | F37: 120000 | G37: 80000 | L37: =C37+E37+H37 -> 335000
A38: Police | B38: 0 | C38: 130000 | H38: 27500 | I38: 27500 | L38: =C38+E38+H38 -> 157500
A39: DPW | B39: =4110000-8000 -> 4102000 | C39: =46500-8000 -> 38500 | D39: 48500 | H39: 4015000 | I39: 140000 | J39: 3875000 | L39: =C39+E39+H39+D39 -> 4102000
A40: Stormwater | B40: 0 | L40: =C40+E40+H40 -> 0 | N40: =1990717+545604 -> 2536321
A41: Sustainability | B41: 0 | L41: =C41+E41+H41 -> 0
A42: Transport. | B42: 800000 | C42: 160000 | E42: =265000+175000 -> 440000 | F42: =229008+138888 -> 367896 | G42: =35992+36112 -> 72104 | H42: 200000 | J42: 200000 | L42: =C42+E42+H42 -> 800000
B43: =SUM(B33:B42) -> 6846000 | L43: =C43+E43+H43 -> 0
B46: =7101500-48500-495396-5775000 -> 782604 | J46: =J33+J39 -> 5171000
